 Dungeon Crawl Stone Soup version 0.27-a0-277-g024f7ef292 (webtiles) character file.

Game seed: 7429848913232096837

388224 puppykicker the Scorcher (level 23, -14/181 (217) HPs)
             Began as a Naga Fire Elementalist on Feb 6, 2021.
             Was the Champion of Ru.
             Killed from afar by a deep elf zephyrmancer (29 damage)
             ... with a bolt of lightning
             ... on level 1 of the Elven Halls.
             The game lasted 03:50:17 (53211 turns).

puppykicker the Scorcher (Naga Fire Elementalist)  Turns: 53211, Time: 03:50:17

HP:   -14/181 (217) AC: 29    Str: 16    XL:     23   Next: 4%
MP:   12/35         EV: 13    Int: 27    God:    Ru [******]
Gold: 1420          SH: 18    Dex:  9    Spells: 17/39 levels left

rFire    + + +     SeeInvis +   a - +8 trident (spect)
rCold    + + +     Faith    .   R - +1 tower shield
rNeg     . . .     Spirit   .   h - +4 troll leather armour {regen}
rPois    +         Reflect  .   o - +0 helmet of the Villain {rC+ Will+ Int+3}
rElec    .         Harm     .   w - +2 cloak {rC+} {rC+}
rCorr    .         Rampage  .   J - +2 pair of gloves
Will     +++..                  M - +1 barding "Igiulem" {rF+ Int+2 Stlth+}
Stlth    +++.......             S - amulet of Vitality {Regen+ HP+15}
HPRegen  1.20/turn              P - ring of Kiulec Qitzo {rF++ rC+ EV+4 Str+3 Dex-4}
MPRegen  0.24/turn              p - +4 ring of protection

@: exhausted, heavily drained, very slow
A: large, see invisible, deformed body, mutation resistance 1, poison
resistance, slowness 2, spit poison 1, hated by all, inability to train armour,
unskilled 1, inexperienced 1, constrict 1, AC +7
}: 2/15 runes: decaying, serpentine
a: Spit Poison, Renounce Religion, Draw Out Power, Power Leap, Apocalypse


You were on level 1 of the Elven Halls.
You worshipped Ru.
Ru was exalted by your worship.
You visited 8 branches of the dungeon, and saw 37 of its levels.
You also visited: Gauntlet and Ice Cave.

You collected 5044 gold pieces.
You spent 3624 gold pieces at shops.

Inventory:

Hand Weapons
 a - a +8 spectral trident (weapon)
 b - the +6 fustibalus "Poavvei" {flame, rElec rF++ rN+ Stlth-}
   (You found it on level 2 of the Vaults)

   It causes projectiles fired from it to burn those they strike, causing extra
   injury to most foes and up to half again as much damage against particularly
   susceptible opponents.
   It greatly protects you from fire.
   It insulates you from electricity.
   It protects you from negative energy.
   It makes you less stealthy.
 V - a +5 demon trident of chaos
Missiles
 d - 330 sling bullets
 F - 22 javelins (quivered)
 I - 7 curare-tipped darts
Armour
 h - a +4 troll leather armour (worn) {regen}
 o - the +0 helmet of the Villain (worn) {rC+ Will+ Int+3}
   (You found it on level 2 of the Orcish Mines)

   It affects your intelligence (+3).
   It protects you from cold.
   It affects your willpower, your defense against some magical effects.
 u - the +0 helmet of Lust {rElec Str+3}
   (You bought it in a shop on level 1 of the Vaults)

   It affects your strength (+3).
   It insulates you from electricity.
 w - a +2 cloak of cold resistance (worn) {rC+}
 J - a +2 pair of gloves (worn)
 M - the +1 barding "Igiulem" (worn) {rF+ Int+2 Stlth+}
   (You acquired it on level 14 of the Dungeon)

   It affects your intelligence (+2).
   It protects you from fire.
   It makes you more stealthy.
 R - a +1 tower shield (worn)
 Z - the +2 hat of the Bear Spirit {Spirit, +Rage rN+ Will++}
   (You bought it in a shop on level 4 of the Snake Pit)

   It protects you from negative energy.
   It affects your willpower, your defense against some magical effects.
   It lets you go berserk.
Jewellery
 p - a +4 ring of protection (right hand)
 C - an uncursed ring of resist corrosion
 H - an uncursed amulet of reflection
 P - the ring of Kiulec Qitzo (left hand) {rF++ rC+ EV+4 Str+3 Dex-4}
   (You found it in a Gauntlet)

   [ring of evasion]

   It affects your evasion (+4).
   It affects your strength (+3).
   It affects your dexterity (-4).
   It greatly protects you from fire.
   It protects you from cold.
 S - the amulet of Vitality (around neck) {Regen+ HP+15}
   (You bought it in a shop on level 3 of the Snake Pit)

   [amulet of regeneration]

   It affects your health (+15).
   It increases your rate of regeneration.
 T - the ring of Lies {Will+ Int+6}
   (You found it in a Gauntlet)

   [ring of intelligence]

   It affects your intelligence (+6).
   It affects your willpower, your defense against some magical effects.
Wands
 D - a wand of digging (4)
 G - a wand of paralysis (8)
 W - a wand of acid (41)
Scrolls
 c - a scroll of amnesia
 e - 4 scrolls of fear
 f - 4 scrolls of fog
 i - 4 scrolls of identify
 k - 25 scrolls of remove curse
 s - a scroll of brand weapon
 t - 16 scrolls of teleportation
 x - 4 scrolls of magic mapping {!r}
 y - 3 scrolls of holy word {!r}
 B - 4 scrolls of blinking {!r}
 K - a scroll of silence
Potions
 g - 5 potions of flight
 j - 6 potions of haste
 l - 10 potions of lignification {!q}
 m - 3 potions of might
 n - 4 potions of berserk rage {!q}
 q - 21 potions of curing
 r - 4 potions of invisibility
 z - 7 potions of magic
 E - 3 potions of cancellation
 L - 4 potions of heal wounds
 O - 5 potions of ambrosia
 X - 2 potions of resistance
 Y - 8 potions of brilliance
Miscellaneous
 U - a condenser vane


   Skills:
 + Level 11.2 Fighting
 - Level 14.0 Polearms
 + Level 7.5 Dodging
 - Level 2.6 Stealth
 * Level 13.1 Shields
 - Level 8.5 Spellcasting
 + Level 15.2 Conjurations
 - Level 2.0 Hexes
 - Level 8.5 Necromancy
 - Level 6.6 Translocations
 - Level 2.0 Transmutations
 + Level 15.3 Fire Magic
 - Level 2.0 Air Magic
 - Level 2.0 Poison Magic


You had 17 spell levels left.
You knew the following spells:

 Your Spells              Type           Power        Failure   Level
a - Magic Dart            Conj           100%         1%          1
c - Fireball              Conj/Fire      38%          1%          5
p - Blink                 Tloc           N/A          1%          2
s - Starburst             Conj/Fire      38%          2%          6
v - Vampiric Draining     Necr           27%          1%          3
w - Wereblood             Tmut           22%          6%          2
x - Mephitic Cloud        Conj/Pois/Air  46%          1%          3

Your spell library contained the following spells:

 Spells                   Type           Power        Failure   Level
 Foxfire                  Conj/Fire      100%         1%          1
 Pain                     Necr           100%         1%          1
 Sublimation of Blood     Necr           27%          1%          2
 Conjure Flame            Conj/Fire      76%          1%          3
 Gell's Gravitas          Tloc           23%          1%          3
 Ignite Poison            Fire/Tmut/Pois 46%          1%          3
 Inner Flame              Hex/Fire       55%          1%          3
 Sticky Flame             Conj/Fire      76%          1%          4
 Fulminant Prism          Conj/Hex       27%          2%          4
 Bolt of Magma            Conj/Fire/Erth 30%          3%          5
 Sting                    Tmut/Pois      88%          4%          1
 Slow                     Hex            22%          6%          2
 Agony                    Necr           55%          8%          5
 Irradiate                Conj/Tmut      27%          8%          5
 Passwall                 Tmut/Erth      13%          10%         2
 Confusing Touch          Hex            22%          12%         3
 Spider Form              Tmut/Pois      11%          12%         3
 Conjure Ball Lightning   Conj/Air       27%          38%         6
 Ice Form                 Ice/Tmut       16%          52%         4
 Leda's Liquefaction      Hex/Erth       8%           52%         4
 Petrify                  Tmut/Erth      16%          52%         4
 Alistair's Intoxication  Tmut/Pois      14%          75%         5
 Yara's Violent Unravell  Hex/Tmut       11%          75%         5
 Freezing Cloud           Conj/Ice/Air   21%          80%         6
 Metabolic Englaciation   Hex/Ice        8%           86%         5
 Eringya's Noxious Bog    Tmut/Pois      11%          99%         6
 Hydra Form               Tmut           11%          99%         6
 Statue Form              Tmut/Erth      10%          100%        6
 Dragon Form              Tmut           11%          100%        7
 Ozocubu's Refrigeration  Ice            5%           100%        7
 Animate Skeleton         Necr           Unusable     N/A         1
 Animate Dead             Necr           Unusable     N/A         4
 Summon Small Mammal      Summ           Unusable     N/A         1
 Call Imp                 Summ           Unusable     N/A         2
 Summon Guardian Golem    Hex/Summ       Unusable     N/A         3
 Call Canine Familiar     Summ           Unusable     N/A         3
 Summon Lightning Spire   Summ/Air       Unusable     N/A         4
 Summon Ice Beast         Ice/Summ       Unusable     N/A         4
 Simulacrum               Ice/Necr       Unusable     N/A         6

Dungeon Overview and Level Annotations

Branches:
Dungeon (15/15)            Temple (1/1) D:5            Lair (6/6) D:11
  Swamp (4/4) Lair:3        Snake (4/4) Lair:3        Slime (0/5) Lair:5
    Orc (2/2) D:9             Elf (1/3) Orc:2        Vaults (4/5) D:13
  Crypt (0/3) Vaults:3     Depths (0/5) D:15          IceCv (visited)
Gauntlet (visited)

Altars:
Ashenzari
Cheibriados
Dithmenos
Elyvilon
Fedhas
Gozag
Hepliaklqana
Kikubaaqudgha
Makhleb
Nemelex Xobeh
Okawaru
Qazlal
Ru
Sif Muna
Trog
Uskayaw
Vehumet
Wu Jian
Xom
Yredelemnul
Zin
The Shining One
Beogh

Shops:
D:13 :   Orc:2 *=(   Snake:2 [   Snake:3 ==:   Snake:4 =(*=   Vaults:1 [
Vaults:3 *   Vaults:4 (

Portals:
Pandemonium: Orc:2

Annotations:
D:7 exclusion: ugly thing
D:12 Jorgrun
Lair:3 exclusion: 2 oklob plants
Vaults:5 !nahhhhhhhhh


Innate Abilities, Weirdness & Mutations

You cannot wear boots.
Your serpentine skin is tough. (AC +7)
You have supernaturally acute eyesight. (SInv)
Armour fits poorly on your strangely shaped body.
Your system is resistant to poisons. (rPois)
You cover ground very slowly.
You can spit poison.
You are hated by all.
You cannot train Armour skill.
You are somewhat unskilled. (-1 Apt)
You are somewhat inexperienced. (-2 XL)
You can use your snake-like lower body to constrict enemies.
You are somewhat resistant to further mutation.


Message History

A deep elf zephyrmancer is nearby!
You regained 2 hp, and now have 70/181 hp.
A deep elf zephyrmancer is nearby!
The deep elf zephyrmancer begins to cast a spell, but is stunned by your conviction!
The deep elf zephyrmancer gestures at you while chanting.
The bolt of lightning misses you. x2
Things that are here:
a +0 rapier; a +0 leather armour; an elf corpse You regained 2 hp, and now have 72/181 hp.
The sentinel's mark upon you fades away.
The deep elf zephyrmancer points at you and mumbles some strange words.
The bolt of lightning hits you!!
* * * LOW HITPOINT WARNING * * *
The bolt of lightning hits you!!!
* * * LOW HITPOINT WARNING * * *
The bolt of lightning hits the deep elf zephyrmancer!!
You focus your inner power and paralyse the deep elf zephyrmancer in retribution!
The deep elf zephyrmancer gestures at you while chanting.
The bolt of lightning misses you. The bolt of lightning hits you!!
You die...

,,,,,,,,,,,***,*,******,,*,,**≈≈*
,,,,,,,,,,,*,.....,,,*,,,+,,,**≈*
,,,,,,,,,,,***.#.#**,+,,,+,,,,*≈*
*,,,,,,,,,,**,...# ***,,,+,,,**≈*
,,,,,,,,,,,,,,,..# **,,*,,**≈≈*
,,,,,,,,,,,**,,..# *,,****≈≈≈*
,,,,,,,,,,,,**,#)# *,,,**≈≈≈≈*
,,,,,,.,*,#,***#e# **,,**≈≈***
,,,,,,....#.####@# ********
,,,,,,......e..).#
,,,,,*.##.#.###### ,,,,,,,,,..,*
,,,,,*,*##*** *,,,**,* ******,*
*,* ***


You could see 2 deep elf zephyrmancers.

Levels and vault maps discovered:
D:1:      dpeg_arrival_orchard, layout_basic
D:2:      layout_loops_ring, ashenzari_altar_1
D:3:      layout_rooms, gammafunk_ghost_smash
D:4:      layout_cave_pods, nemelex_xobeh_ov_fountains_minmay,
          xom_confusion_cloud, old_standard_altar
D:5:      layout_basic, minmay_temple_entry_grid
D:6:      layout_loops_ring, serial_aquarium, aquarium_bridge_island_small
          [aquarium_subvault_small_water, aquarium_subvault_bridge,
          aquarium_subvault_wall, aquarium_subvault_balcony,
          aquarium_subvault_wall], aquarium_window_fake, aquarium_window_fake,
          aquarium_window_corridor_3, aquarium_window_fake, aquarium_view_2f,
          aquarium_view_2a, aquarium_balcony_3b, uniq_menkaure, uniq_sigmund,
          uniq_eustachio
D:7:      layout_loops_cross, gammafunk_temple_overflow_claw
D:8:      layout_basic
D:9:      layout_irregular_city, david_orc_2
D:10:     layout_cave_pods
D:11:     layout_gridville, due_lair_maze_entry_diamond,
          small_statue_intersection
D:12:     layout_stronghold, uniq_jorgrun
D:13:     layout_roguey, skrybe_vaults_entry_preservation, serial_shops, shop,
          basic_altar
D:14:     layout_cave_pools, gauntlet_entry_generic,
          chequers_serial_rivers_large_a, gammafunk_ghost_grave,
          bh_walls_and_bars
D:15:     hangedman_depths_entry_civil_slaughter, layout_stronghold,
          minmay_misc_feat_tiny, uniq_louise
Temple:   minmay_temple_bridge_d
Lair:1:   layout_cave_pods, uniq_erica
Lair:2:   layout_cave_pods, beast_lair_carwin_6, uniq_gastronok
Lair:3:   regret_index_harrowing_hell_hive, layout_chaotic_city,
          palyth_hydra_swamp_entry, minmay_snake_entry_guardpost_small
Lair:4:   layout_cave_pods, serial_bayou_shore_b, grunt_megastairs_1,
          lemuel_fruit_tree, serial_bayou_shore_a
Lair:5:   layout_loops_ring, minmay_slime_entry_pillars, grunt_megastairs_5
Lair:6:   grunt_lair_end_beastmaster, layout_regular_city
Swamp:1:  layout_falls_marsh, lemuel_altar_in_water
Swamp:2:  layout_falls_marsh, portal_ice_cave_entry_pillars_three,
          nicolae_swamp_triple_paths
Swamp:3:  layout_basic_swamp, nicolae_swamp_orc_logging_accident, swamp_pool5
Swamp:4:  swamp_pestilence, layout_basic_swamp
Snake:1:  layout_misc_corridors, grunt_megastairs_3
Snake:2:  layout_cave_pods, serial_shops, shop, uniq_agnes
Snake:3:  nrook_guardian_serpent_snake_passage, layout_misc_corridors,
          minmay_shop_grove
Snake:4:  snake_pit_salamanders_mu, layout_rooms, minmay_shop_grid_forest,
          st_stairs_6, serial_bayou_shore_b
Orc:1:    layout_diamond_mine, amcnicky_altar_gilded, uniq_maurice
Orc:2:    pf_orc_diabolical, layout_caves, elf_legates
Elf:1:    eino_elf_arrival_the_gate, layout_loops_cross, serial_shops,
          nicolae_shop_statue_plus, kennysheep_underground_church
Vaults:1: vaults_standard_mumra_lines, vaults_mumra_hexcomb,
          hangedman_vaults_slither, hangedman_vaults_stream,
          vaults_mumra_minichess, nicolae_vaults_fighting_squares,
          vaults_room_hallway, nicolae_vaults_little_squares_4,
          ontoclasm_vaults_ligature, v_alt_pattern_2, vaults_dpeg_diagonal,
          layout_vaults_omnibox, serial_shops, nicolae_shop_overgrown_old_shop,
          uniq_donald, uniq_asterion
Vaults:2: nicolae_vaults_puzzle_piece, v_alt_pattern_2, v_rooms_1,
          st_greater_box_2, nicolae_vaults_ring_of_whatevers,
          nicolae_vaults_little_squares_4, vaults_room_pool,
          ontoclasm_vaults_chip, dpeg_vaults_monster_box,
          nicolae_vaults_little_squares_4, v_pattern_3,
          nicolae_vaults_little_squares_4, layout_vaults_omnicross
Vaults:3: nicolae_vaults_big_ls, blue_anna_dwarven_crypt,
          vaults_room_stairs_pillars, v_misc_17, nicolae_vaults_bisected_slash,
          vaults_room_pool, grunt_vaults_focal, ontoclasm_vaults_chip,
          vaults_mumra_hex, ontoclasm_vaults_twist, layout_vaults_chaotic_city,
          serial_shops, nicolae_shop_behind_doors
Vaults:4: vaults_room_corners, nicolae_vaults_little_squares_2,
          nicolae_vaults_back_hallway, vaults_mumra_chevron, st_quartered_hall,
          v_misc_5, v_misc_17, hangedman_vaults_capsules,
          nicolae_vaults_angled_halls, ontoclasm_vaults_eye,
          grunt_vaults_funnel, nicolae_vaults_what_the_h,
          ontoclasm_vaults_ring_square, v_alt_pattern_4, layout_vaults_maze,
          serial_shops, shop, uniq_boris

Notes
Turn   | Place    | Note
-------+----------+-------------------------------------------
     0 | D:1      | puppykicker the Naga Fire Elementalist began the quest for
                  | the Orb.
     0 | D:1      | Reached XP level 1. HP: 15/15 MP: 3/3
    20 | D:1      | Identified a +0 short sword
   177 | D:1      | Identified a ring of willpower (You found it on level 1 of
                  | the Dungeon)
   244 | D:1      | Reached XP level 2. HP: 22/22 MP: 0/5
   327 | D:1      | Identified a +0 club
   382 | D:1      | Identified a +0 club
   520 | D:1      | Identified a +0 whip
   771 | D:1      | Identified a +0 club
   993 | D:1      | Identified a +0 club
  1000 | D:1      | Reached XP level 3. HP: 21/28 MP: 3/6
  1209 | D:2      | Found a broken altar of Ashenzari.
  1216 | D:2      | Reached skill level 4 in Fire Magic
  1255 | D:2      | Identified a +0 dagger
  1258 | D:2      | Identified a +3 hunting sling (You found it on level 1 of
                  | the Dungeon)
  1259 | D:2      | Identified a +1 dagger of pain (You found it on level 1 of
                  | the Dungeon)
  1262 | D:2      | Identified 2 scrolls of teleportation
  1340 | D:2      | Reached skill level 2 in Conjurations
  1418 | D:2      | Identified a +0 club
  1418 | D:2      | Identified a +3 dagger
  1541 | D:2      | Reached XP level 4. HP: 36/36 MP: 5/7
  1550 | D:2      | Identified a +0 club
  1552 | D:2      | Identified a cursed -2 dagger
  1572 | D:2      | Identified an uncursed amulet of the acrobat (You found it
                  | on level 2 of the Dungeon)
  1592 | D:2      | Identified a ring of protection (You found it on level 2 of
                  | the Dungeon)
  1766 | D:3      | Identified a +0 hunting sling
  1898 | D:3      | Identified a +0 giant club
  1898 | D:3      | Noticed an ogre
  1899 | D:3      | Found a transporter.
  1899 | D:3      | Noticed gimp's ghost (amateur OpEE)
  1901 | D:3      | Identified the cursed +2 great mace "Giantslayer" {holy,
                  | rElec Int+4}
  1901 | D:3      | Noticed an ogre
  1937 | D:3      | Identified a +0 club
  1937 | D:3      | Identified a +0 ring mail
  1967 | D:3      | Identified a +0 dagger
  1977 | D:3      | Identified a +0 ring mail
  1978 | D:3      | Identified a +0 hand axe
  2008 | D:3      | Reached XP level 5. HP: 42/42 MP: 4/8
  2126 | D:3      | Identified a +0 leather armour (You found it on level 3 of
                  | the Dungeon)
  2131 | D:3      | Learned a level 3 spell: Conjure Flame
  2133 | D:3      | Identified a +0 club
  2195 | D:3      | Reached skill level 5 in Fire Magic
  2210 | D:3      | Identified a +0 flail
  2210 | D:3      | Identified a +0 ring mail
  2211 | D:3      | Identified a cursed -3 whip
  2211 | D:3      | Identified a +0 flail
  2212 | D:3      | Identified a +0 club
  2212 | D:3      | Identified a cursed +0 scale mail
  2382 | D:3      | Learned a level 2 spell: Blink
  2385 | D:3      | Learned a level 2 spell: Call Imp
  2500 | D:3      | Found a transporter.
  2572 | D:4      | Identified a cursed -2 giant club
  2572 | D:4      | Noticed an ogre
  2713 | D:3      | Killed an ogre
  2714 | D:3      | Reached skill level 3 in Conjurations
  2714 | D:3      | Reached skill level 1 in Summonings
  2714 | D:3      | Reached skill level 1 in Translocations
  2714 | D:3      | Reached XP level 6. HP: 19/49 MP: 7/9
  2894 | D:4      | Identified a +0 mace
  2894 | D:4      | Identified a +0 ring mail
  2902 | D:4      | Identified a +0 dagger
  2902 | D:4      | Identified a +0 robe
  2922 | D:4      | Identified a +0 dagger
  2922 | D:4      | Identified a +0 robe
  2928 | D:4      | Identified a +0 short sword
  2929 | D:4      | Identified a +0 giant spiked club
  2946 | D:4      | Reached XP level 7. HP: 55/55 MP: 3/10
  2950 | D:4      | Reached skill level 6 in Fire Magic
  3034 | D:4      | Reached skill level 2 in Translocations
  3077 | D:4      | Found a shimmering altar of Xom.
  3168 | D:4      | Identified a +0 hand axe
  3168 | D:4      | Identified a +0 leather armour
  3170 | D:4      | Identified a +0 dagger
  3170 | D:4      | Identified a +0 leather armour
  3171 | D:4      | Identified a +0 club
  3171 | D:4      | Identified a cursed +0 ring mail
  3182 | D:4      | Reached skill level 2 in Summonings
  3432 | D:4      | Identified 3 scrolls of identify
  3432 | D:4      | Identified 2 potions of invisibility
  3433 | D:4      | Identified a potion of curing
  3434 | D:4      | Identified a potion of lignification
  3436 | D:4      | Found an ornate altar of the Wu Jian Council.
  3474 | D:4      | Identified a +0 short sword
  3474 | D:4      | Identified a +0 war axe
  3477 | D:4      | Identified a +0 leather armour
  3635 | D:4      | Learned a level 1 spell: Magic Dart
  3635 | D:4      | Identified 2 scrolls of remove curse
  3648 | D:4      | Identified a potion of haste
  3649 | D:4      | Identified a scroll of immolation
  3650 | D:4      | Identified a scroll of fog
  3651 | D:4      | Identified a scroll of magic mapping
  3683 | D:4      | Identified a potion of flight
  3770 | D:4      | Identified a +0 whip
  3772 | D:4      | Identified a +0 hand axe
  3775 | D:4      | Identified a +0 hand axe
  3780 | D:4      | Reached skill level 4 in Conjurations
  3780 | D:4      | Identified a +0 falchion
  3780 | D:4      | Identified a +0 leather armour
  3878 | D:4      | Found a sparkling altar of Nemelex Xobeh.
  3896 | D:4      | Identified a potion of might
  4054 | D:4      | Identified a +0 giant club
  4063 | D:4      | HP: 9/55 [ogre/+0 giant club (12)]
  4427 | D:5      | Entered Level 5 of the Dungeon
  4506 | D:5      | Found a staircase to the Ecumenical Temple.
  4526 | Temple   | Entered the Ecumenical Temple
  4668 | Temple   | Became a worshipper of Ru the Awakened
  4791 | D:5      | Reached skill level 7 in Fire Magic
  4869 | D:5      | Reached XP level 8. HP: 62/62 MP: 7/11
  4872 | D:5      | Learned a level 2 spell: Slow
  5031 | D:5      | Identified a ring of intelligence (You found it on level 5
                  | of the Dungeon)
  5271 | D:6      | Identified a +0 flail
  5272 | D:6      | Identified a +0 dagger
  5272 | D:6      | Identified a +0 robe
  5283 | D:6      | Identified a +0 flail
  5283 | D:6      | Identified a +0 ring mail
  5285 | D:6      | Identified a +0 whip
  5311 | D:6      | Noticed Menkaure
  5368 | D:6      | Identified a +0 morningstar
  5368 | D:6      | Identified a +0 ring mail
  5369 | D:6      | Identified a +0 war axe
  5369 | D:6      | Identified a +0 hunting sling
  5369 | D:6      | Identified a +0 leather armour
  5375 | D:6      | Identified a +1 scythe of flaming
  5375 | D:6      | Identified a +0 robe
  5375 | D:6      | Noticed Sigmund
  5393 | D:6      | Killed Sigmund
  5394 | D:6      | Reached skill level 1 in Hexes
  5508 | D:6      | Reached skill level 5 in Conjurations
  5606 | D:6      | Identified a cursed +0 short sword (You found it on level 6
                  | of the Dungeon)
  5607 | D:6      | Identified a potion of attraction
  5708 | D:6      | Identified a +0 flail
  5711 | D:6      | Identified a +0 short sword
  5711 | D:6      | Identified a +0 ring mail
  5747 | D:6      | Identified a +0 hand axe
  5750 | D:6      | Identified a +0 hand axe
  5750 | D:6      | Identified a +0 leather armour
  5766 | D:6      | Identified a +0 club
  5772 | D:6      | Identified a +0 trident
  5922 | D:6      | Reached skill level 2 in Hexes
  5922 | D:6      | Reached skill level 8 in Fire Magic
  5991 | D:6      | Identified a +0 trident
  5991 | D:6      | Identified a +0 ring mail
  6058 | D:6      | Identified a +0 rapier of venom
  6058 | D:6      | Identified a +0 leather armour
  6058 | D:6      | Noticed Eustachio
  6196 | D:6      | Identified a +0 trident
  6196 | D:6      | Identified a +0 ring mail
  6200 | D:6      | Identified a +0 hand axe
  6205 | D:6      | Identified a +0 dagger
  6205 | D:6      | Identified a +0 scale mail
  6247 | D:6      | Identified a +0 mace
  6247 | D:6      | Identified a +0 dagger
  6288 | D:6      | Killed Eustachio
  6343 | D:6      | Identified a +0 battleaxe
  6343 | D:6      | Identified a +0 chain mail
  6343 | D:6      | Identified a +0 war axe
  6343 | D:6      | Identified a +0 leather armour
  6343 | D:6      | Identified a +0 flail
  6343 | D:6      | Identified a +0 leather armour
  6666 | D:6      | Killed Menkaure
  6667 | D:6      | Reached skill level 9 in Fire Magic
  6667 | D:6      | Reached XP level 9. HP: 67/68 MP: 3/12
  6676 | D:6      | Gained mutation: You are somewhat inexperienced. (-2 XL)
                  | [Ru sacrifice]
  6676 | D:6      | Reached XP level 8. HP: 62/62 MP: 5/11
  6676 | D:6      | Reached XP level 7. HP: 55/55 MP: 5/10
  6676 | D:6      | Reached * piety under Ru
  6676 | D:6      | Reached ** piety under Ru
  6932 | D:7      | Reached skill level 6 in Conjurations
  7137 | D:7      | Identified a ring of evasion (You found it on level 7 of
                  | the Dungeon)
  7139 | D:7      | Identified a ring of see invisible (You found it on level 6
                  | of the Dungeon)
  7195 | D:7      | Identified a +0 giant club
  7206 | D:7      | Got a shimmering plate armour
  7517 | D:7      | Identified a +0 dagger
  7595 | D:7      | Identified a potion of magic
  7621 | D:7      | Reached XP level 8. HP: 62/62 MP: 9/12
  7699 | D:7      | Found an opulent altar of Gozag.
  7699 | D:7      | Found a white marble altar of Elyvilon.
  7699 | D:7      | Found a broken altar of Ashenzari.
  7868 | D:7      | Identified a +0 spear
  7869 | D:7      | Identified a +0 spear
  7872 | D:7      | Identified a +0 club
  7877 | D:7      | Reached skill level 3 in Spellcasting
  8017 | D:7      | Identified a cursed +2 dagger of freezing
  8017 | D:7      | Identified a +0 robe
  8017 | D:7      | Identified a +7 long sword
  8017 | D:7      | Identified a +0 robe
  8017 | D:7      | Identified a +3 long sword
  8017 | D:7      | Identified a +0 robe
  8054 | D:7      | Identified a +3 morningstar
  8054 | D:7      | Identified a +0 robe
  8081 | D:7      | HP: 12/55 [wight/+3 morningstar (3)]
  8083 | D:7      | Identified a cursed +3 mace
  8083 | D:7      | Identified a +0 robe
  8348 | D:7      | Identified a +0 trident
  8348 | D:7      | Identified a +0 leather armour
  8350 | D:7      | Identified a +0 dagger
  8352 | D:7      | Identified a +0 whip
  8355 | D:7      | Identified a +0 hand axe
  8355 | D:7      | Identified a +0 ring mail
  8549 | D:7      | Identified a potion of degeneration
  8565 | D:7      | You fall into a shaft and drop 2 floors!
  8587 | D:9      | Identified a +0 mace
  8587 | D:9      | Identified a +0 ring mail
  8588 | D:9      | Identified a +0 dagger
  8588 | D:9      | Identified a +0 robe
  8590 | D:9      | Identified a +0 trident
  8590 | D:9      | Identified a +0 chain mail
  8592 | D:9      | Identified a +0 flail
  8592 | D:9      | Identified a +0 leather armour
  8595 | D:9      | Reached skill level 7 in Conjurations
  8604 | D:9      | HP: 13/60 [orc warrior/+0 trident (18)]
  8870 | D:9      | Identified a cursed +0 dagger
  8870 | D:9      | Identified a +0 scale mail
  8870 | D:9      | Identified a +0 mace
  8870 | D:9      | Identified a cursed +0 scale mail
  8870 | D:9      | Identified a +0 dagger
  8870 | D:9      | Identified a +0 scale mail
  8870 | D:9      | Identified a +0 leather armour
  8870 | D:9      | Identified a +1 mace of protection
  8870 | D:9      | Identified a +0 chain mail
  8883 | D:10     | Entered Level 10 of the Dungeon
  8891 | D:10     | Learned a level 3 spell: Mephitic Cloud
  9029 | D:9      | Reached skill level 4 in Spellcasting
  9059 | D:8      | Reached skill level 10 in Fire Magic
  9059 | D:8      | Reached skill level 1 in Poison Magic
  9059 | D:8      | Reached XP level 9. HP: 68/68 MP: 3/15
  9060 | D:8      | Identified a cursed -1 giant club
  9067 | D:8      | Identified a potion of brilliance
  9076 | D:8      | Reached skill level 2 in Poison Magic
  9112 | D:8      | Identified a +0 short sword
  9112 | D:8      | Identified a +1 leather armour of fire resistance
  9120 | D:8      | Identified a +0 giant club
  9127 | D:8      | Identified a +0 mace
  9136 | D:8      | Identified a +0 mace
  9136 | D:8      | Identified a +0 leather armour
  9257 | D:8      | Identified a +1 pair of gloves (You found it on level 8 of
                  | the Dungeon)
  9269 | D:8      | Identified an uncursed amulet of reflection (You found it
                  | on level 8 of the Dungeon)
  9281 | D:8      | Identified a cursed -1 club
  9281 | D:8      | Identified a cursed +0 leather armour
  9281 | D:8      | Identified a +0 whip
  9282 | D:8      | Identified a cursed -2 club
  9282 | D:8      | Identified a +0 flail
  9323 | D:8      | Identified a scroll of fear
  9325 | D:8      | Identified a ring of teleportation (You found it on level 8
                  | of the Dungeon)
  9337 | D:8      | Identified a +0 dagger
  9337 | D:8      | Identified a +0 robe
  9350 | D:8      | Reached skill level 8 in Conjurations
  9653 | D:8      | Identified a +0 giant club
  9654 | D:8      | Identified a +0 shortbow
  9911 | D:9      | Noticed a troll
 10253 | D:9      | Found a staircase to the Orcish Mines.
 10255 | D:9      | Identified a +0 shortbow
 10260 | D:9      | Reached skill level 9 in Conjurations
 10424 | D:9      | Identified a +0 short sword
 10900 | D:9      | Killed a troll
 10948 | D:9      | Gained mutation: You are hated by all. [Ru sacrifice]
 10948 | D:9      | Reduced skill Summonings to level 0
 10948 | D:9      | Reached *** piety under Ru
 11270 | D:7      | Noticed a cyan ugly thing
 11273 | D:7      | Identified 3 scrolls of enchant armour
 11274 | D:7      | Identified a scroll of enchant weapon
 11661 | D:10     | Identified a +0 club
 11662 | D:10     | Identified a +0 dagger
 11663 | D:10     | Identified a +0 short sword
 11663 | D:10     | Identified a +0 whip
 11665 | D:10     | Reached XP level 10. HP: 75/75 MP: 12/16
 11665 | D:10     | Identified a +0 short sword
 11665 | D:10     | Identified a +0 whip
 11665 | D:10     | Identified a cursed -2 short sword
 11674 | D:10     | Reached skill level 10 in Conjurations
 11785 | D:10     | You fall into a shaft and drop 3 floors!
 11796 | D:13     | Reached skill level 1 in Polearms
 11921 | D:12     | Reached skill level 1 in Fighting
 12008 | D:12     | Identified a +0 vorpal quarterstaff
 12008 | D:12     | Identified a +1 robe of the Archmagi
 12008 | D:12     | Noticed Jorgrun
 12113 | D:12     | Noticed a manticore
 12123 | D:12     | Killed a manticore
 12124 | D:12     | Reached skill level 2 in Polearms
 12124 | D:12     | Reached skill level 1 in Armour
 12124 | D:12     | Reached skill level 2 in Dodging
 12403 | D:12     | Reached skill level 2 in Fighting
 12404 | D:12     | Reached skill level 3 in Polearms
 12690 | D:12     | Identified a +0 dagger
 12700 | D:12     | Identified a +0 short sword
 12700 | D:12     | Identified a +0 dagger
 12729 | D:12     | Reached skill level 2 in Armour
 12921 | D:12     | Identified 2 potions of berserk rage
 12922 | D:12     | Identified 2 potions of heal wounds
 12961 | D:12     | Identified a +0 long sword
 12961 | D:12     | Identified a +0 ring mail
 12961 | D:12     | Noticed a deep elf pyromancer
 12976 | D:12     | Identified a +0 dagger
 12976 | D:12     | Identified a +0 robe
 12983 | D:12     | Killed a deep elf pyromancer
 12984 | D:12     | Reached skill level 3 in Fighting
 12984 | D:12     | Reached skill level 4 in Polearms
 12990 | D:12     | Identified a +0 hand axe
 12990 | D:12     | Identified a +0 chain mail
 12993 | D:12     | Identified a cursed -1 hand axe
 12993 | D:12     | Identified a +0 scale mail
 12993 | D:12     | Identified a +0 club
 13701 | D:12     | Reached skill level 5 in Polearms
 13906 | D:13     | HP: 25/126 [vampire (12)]
 13914 | D:13     | HP: 12/84 [vampire/vampiric draining (14)]
 14212 | D:13     | Noticed a cyclops
 14278 | D:13     | Found Jestrah's Book Emporium.
 14296 | D:13     | Identified the +7 plate armour of Wisdom {+Inv} (You found
                  | it on level 7 of the Dungeon)
 14394 | D:10     | Identified a +0 dagger
 14394 | D:10     | Identified a +0 hand axe of venom
 14394 | D:10     | Identified a +0 leather armour
 14394 | D:10     | Identified a +0 dagger
 14394 | D:10     | Identified a +0 robe
 14395 | D:10     | Identified a +0 dagger
 14395 | D:10     | Identified a +0 robe
 14396 | D:10     | Gained mutation: You cannot train Armour skill. [Ru
                  | sacrifice]
 14396 | D:10     | Reduced skill Armour to level 0
 14396 | D:10     | Reached **** piety under Ru
 14396 | D:10     | Reached ***** piety under Ru
 14514 | D:10     | Identified a +0 long sword
 14514 | D:10     | Identified a +0 plate armour
 14515 | D:10     | Identified a +0 falchion
 14515 | D:10     | Identified a +0 chain mail
 14515 | D:10     | Identified a +0 chain mail
 14529 | D:10     | Reached XP level 11. HP: 81/90 MP: 7/17
 14733 | D:10     | Identified a +0 mace
 14856 | D:13     | Bought a book of Necromancy for 480 gold pieces
 14860 | D:13     | Learned a level 3 spell: Vampiric Draining
 15121 | D:10     | Identified a +0 whip
 15121 | D:10     | Identified a +0 leather armour
 15124 | D:10     | Identified a +0 war axe
 15124 | D:10     | Identified a cursed +0 plate armour
 15124 | D:10     | Identified a +0 war axe
 15124 | D:10     | Identified a +0 chain mail
 15126 | D:10     | Identified a cursed -1 flail
 15126 | D:10     | Identified a +0 chain mail
 15370 | D:10     | Noticed a purple ugly thing
 15387 | D:10     | Killed a purple ugly thing
 15388 | D:10     | Reached skill level 5 in Spellcasting
 15718 | D:10     | Identified a +0 short sword
 15718 | D:10     | Identified a +0 plate armour
 15718 | D:10     | Identified a +1 dagger of speed
 15718 | D:10     | Identified a +0 robe
 15718 | D:10     | Identified a +0 flail
 15718 | D:10     | Identified a cursed +0 chain mail
 15719 | D:10     | You fall into a shaft and drop 1 floor!
 15740 | D:11     | Reached skill level 6 in Polearms
 15954 | D:11     | Identified a +0 hand axe
 15954 | D:11     | Identified a +0 leather armour
 15989 | D:11     | Identified a +0 mace
 16002 | D:11     | Reached skill level 7 in Polearms
 16087 | D:11     | Identified a +0 club
 16095 | D:11     | Identified a +0 short sword
 16095 | D:11     | Identified a +0 chain mail
 16096 | D:11     | Identified a +0 broad axe
 16096 | D:11     | Identified a +0 war axe
 16096 | D:11     | Identified a +0 ring mail
 16099 | D:11     | Identified a +3 flail of draining
 16102 | D:11     | HP: 21/84 [bullfrog (8)]
 16106 | D:11     | Identified a +0 scale mail
 16110 | D:11     | HP: 17/84 [orc warrior/+0 broad axe (6)]
 16119 | D:11     | Identified a +0 dagger of venom
 16119 | D:11     | Identified a +0 robe
 16120 | D:11     | Identified a +0 dagger
 16120 | D:11     | Identified a +0 robe
 16125 | D:11     | Identified a +0 flail
 16125 | D:11     | Identified a +0 leather armour
 16125 | D:11     | Identified a +0 short sword
 16125 | D:11     | Identified a +0 ring mail
 16126 | D:11     | Identified a +0 dagger
 16126 | D:11     | Identified a +0 robe
 16132 | D:11     | Identified a +0 club
 16132 | D:11     | Identified a +0 leather armour
 16136 | D:11     | Gained mutation: You are dopey. (Int -2) [a neqoxec]
 16137 | D:11     | Identified a +0 dagger
 16137 | D:11     | Identified a +0 robe
 16137 | D:11     | Identified a +0 falchion
 16137 | D:11     | Identified a +0 club
 16137 | D:11     | Identified a +0 dagger
 16137 | D:11     | Identified a +0 robe
 16144 | D:11     | Identified a +0 mace
 16147 | D:11     | Identified a +0 dagger
 16147 | D:11     | Identified a +0 leather armour
 16502 | D:11     | Noticed a manticore
 16529 | D:11     | Killed a manticore
 16530 | D:11     | Reached skill level 8 in Polearms
 16828 | D:11     | Reached skill level 1 in Necromancy
 16919 | D:11     | Identified a potion of ambrosia
 17002 | D:11     | Reached skill level 2 in Necromancy
 17059 | D:11     | Found a staircase to the Lair.
 17132 | D:11     | Identified a +0 dagger
 17132 | D:11     | Identified a +0 robe
 17133 | D:11     | Identified a +0 dagger
 17133 | D:11     | Identified a +0 robe
 17134 | D:11     | Identified a cursed -2 short sword
 17134 | D:11     | Identified a +0 chain mail
 17134 | D:11     | Identified a +0 dagger
 17134 | D:11     | Identified a +0 robe
 17134 | D:11     | Identified a +0 dagger
 17134 | D:11     | Identified a +0 robe
 17213 | D:11     | Noticed an eight-headed hydra
 17278 | D:11     | Identified a +1 whip of venom
 17278 | D:11     | Identified a cursed +0 scale mail
 17295 | D:11     | Reached skill level 4 in Fighting
 17870 | D:3      | Killed gimp's ghost
 18414 | D:11     | Gained mutation: You are somewhat unskilled. (-1 Apt) [Ru
                  | sacrifice]
 18414 | D:11     | Reduced skill Fighting to level 3
 18414 | D:11     | Reduced skill Polearms to level 7
 18414 | D:11     | Reduced skill Stealth to level 2
 18414 | D:11     | Reduced skill Spellcasting to level 4
 18414 | D:11     | Reduced skill Conjurations to level 9
 18414 | D:11     | Reduced skill Hexes to level 1
 18414 | D:11     | Reduced skill Translocations to level 1
 18414 | D:11     | Reduced skill Fire Magic to level 9
 18414 | D:11     | Reduced skill Poison Magic to level 1
 18414 | D:11     | Reached ****** piety under Ru
 18427 | D:11     | Killed an eight-headed hydra
 18428 | D:11     | Reached skill level 3 in Necromancy
 18767 | D:13     | Identified a +0 plate armour
 18789 | D:13     | Killed a cyclops
 18790 | D:13     | Reached skill level 4 in Fighting
 18832 | D:13     | Identified a +0 whip
 18832 | D:13     | Identified a cursed -1 buckler
 18847 | D:13     | Noticed a manticore
 18862 | D:13     | Identified a +0 giant spiked club
 18881 | D:13     | Killed a manticore
 18885 | D:13     | Noticed a cyclops
 18907 | D:13     | Killed a cyclops
 18908 | D:13     | Reached skill level 3 in Dodging
 18908 | D:13     | Reached skill level 4 in Necromancy
 18908 | D:13     | Reached XP level 12. HP: 47/100 MP: 0/18
 19154 | D:13     | Identified a scroll of random uselessness
 19199 | D:13     | Found a gate to the Vaults.
 19219 | D:13     | Identified a cursed +0 shortbow
 19245 | D:13     | Identified a +2 scimitar of flaming
 19257 | D:13     | Reached skill level 8 in Polearms
 19332 | D:13     | Identified a +0 mace
 19433 | D:13     | Identified a +0 troll leather armour
 19641 | D:13     | Found a sacrificial altar of Ru.
 19649 | D:13     | Identified a +0 hand axe
 19649 | D:13     | Identified a +0 robe
 19663 | D:13     | Identified a +0 hand axe
 19663 | D:13     | Identified a +0 leather armour
 19665 | D:13     | Identified a +0 hand axe
 19665 | D:13     | Identified a +0 robe
 19677 | D:13     | HP: 25/100 [meliai/divine providence (9)]
 19780 | D:13     | Identified a +0 dire flail
 19780 | D:13     | Identified a +0 ring mail
 19780 | D:13     | Noticed an ironheart preserver
 19831 | D:13     | Killed an ironheart preserver
 19832 | D:13     | Reached skill level 5 in Necromancy
 20004 | D:14     | Identified 2 scrolls of acquirement
 20004 | D:14     | Acquired the Guide on Bewitching Battle Magic
 20005 | D:14     | Acquired the +1 barding "Igiulem" {rF+ Int+2 Stlth+}
 20042 | D:14     | Identified a +0 vorpal battleaxe
 20042 | D:14     | Identified a cursed +0 plate armour
 20044 | D:14     | Identified a +0 flail
 20044 | D:14     | Identified a +0 scale mail
 20044 | D:14     | Identified a +0 club
 20051 | D:14     | Identified a +0 trident
 20052 | D:14     | Reached skill level 5 in Fighting
 20056 | D:14     | Identified a +0 short sword
 20080 | D:13     | HP: 21/103 [cyan ugly thing (13)]
 20095 | D:13     | HP: 21/98 [cyan ugly thing (14)]
 20096 | D:13     | HP: 3/98 [cyan ugly thing (16)]
 20168 | D:14     | Reached skill level 5 in Spellcasting
 20341 | D:14     | Identified a +0 long sword
 20408 | D:14     | Found a gate leading to a gauntlet.
 20468 | Gauntlet | Entered a Gauntlet
 20468 | Gauntlet | Found a transporter.
 20478 | Gauntlet | Found a transporter.
 20485 | Gauntlet | Found a runed translucent gate.
 20485 | Gauntlet | Found a runed translucent gate.
 20485 | Gauntlet | Found a runed translucent gate.
 20489 | Gauntlet | Found a transporter.
 20492 | Gauntlet | Found a transporter.
 20494 | Gauntlet | Identified a +0 mace
 20499 | Gauntlet | Identified a +0 mace
 20500 | Gauntlet | Noticed a catoblepas
 20507 | Gauntlet | Found a transporter.
 20512 | Gauntlet | Found a runed translucent door.
 20519 | Gauntlet | Found a transporter.
 20530 | Gauntlet | Found a transporter.
 20531 | Gauntlet | Noticed an entropy weaver
 20533 | Gauntlet | Found the +3 pair of gauntlets of War {Slay+5}
 20542 | Gauntlet | Found a transporter.
 20556 | Gauntlet | Found a transporter.
 20565 | Gauntlet | Found a transporter.
 20569 | Gauntlet | Identified a +1 great sword of protection
 20569 | Gauntlet | Identified a +0 leather armour
 20569 | Gauntlet | Noticed a tengu warrior
 20569 | Gauntlet | Found a transporter.
 20626 | Gauntlet | Found a transporter.
 20626 | Gauntlet | Found a transporter.
 20640 | Gauntlet | Found a transporter.
 20727 | Gauntlet | Reached skill level 6 in Necromancy
 21048 | Gauntlet | Reached skill level 4 in Dodging
 21168 | Gauntlet | Got a vibrating granite ring
 21173 | Gauntlet | Identified the ring of Kiulec Qitzo {rF++ rC+ EV+4 Str+3
                  | Dex-4} (You found it in a Gauntlet)
 21174 | Gauntlet | Identified a scroll of vulnerability
 21275 | Gauntlet | Identified a +0 hat of willpower (You found it in a
                  | Gauntlet)
 21322 | Gauntlet | Reached skill level 9 in Polearms
 21325 | Gauntlet | Killed a catoblepas
 21479 | Gauntlet | Got a twitching copper amulet
 21490 | Gauntlet | Identified the amulet of Leczuvew {Faith Int+2} (You found
                  | it in a Gauntlet)
 21526 | Gauntlet | Identified a +0 trident of freezing
 21526 | Gauntlet | Identified a +0 fustibalus
 21526 | Gauntlet | Identified a +3 scale mail of cold resistance
 21526 | Gauntlet | Noticed a minotaur
 21571 | Gauntlet | Killed a minotaur
 21625 | Gauntlet | Got a twitching granite ring
 21628 | Gauntlet | Identified the ring of Lies {Will+ Int+6} (You found it in
                  | a Gauntlet)
 21629 | Gauntlet | Identified a scroll of summoning
 21683 | D:14     | Gained mutation: You can use your snake-like lower body to
                  | constrict enemies. [Naga growth]
 21683 | D:14     | Reached XP level 13. HP: 94/110 MP: 15/21
 21820 | D:14     | Found a runed translucent door.
 21820 | D:14     | Noticed Rabiuc's ghost (journeyman FoAK)
 21881 | D:14     | Learned a level 5 spell: Fireball
 22046 | D:14     | Killed Rabiuc's ghost
 22047 | D:14     | Reached skill level 2 in Poison Magic
 22048 | D:14     | Identified Dupluas's Disquisition on Transformation
 22124 | D:15     | Entered Level 15 of the Dungeon
 22124 | D:15     | Identified a +0 trident
 22124 | D:15     | Identified a +0 leather armour
 22126 | D:15     | Identified a +0 flail
 22126 | D:15     | Identified a +0 leather armour
 22127 | D:15     | Identified a cursed -2 short sword
 22127 | D:15     | Identified a +0 plate armour
 22128 | D:15     | Identified a +0 short sword
 22128 | D:15     | Identified a +0 leather armour
 22144 | D:15     | Reached skill level 2 in Translocations
 22210 | D:15     | Identified a +3 scimitar of flaming
 22217 | D:15     | Reached skill level 2 in Hexes
 22264 | D:15     | Identified a cursed -3 giant club
 22264 | D:15     | Identified a +0 giant club
 22264 | D:15     | Identified a +0 giant club
 22264 | D:15     | Identified a +0 giant club
 22265 | D:15     | Identified a +0 giant spiked club
 22266 | D:15     | Identified a +0 halberd
 22266 | D:15     | Identified a +0 robe
 22266 | D:15     | Identified a +0 giant club
 22267 | D:15     | Identified a +0 giant club
 22267 | D:15     | Identified a +0 giant club
 22267 | D:15     | Identified a +0 giant club
 22267 | D:15     | Identified a +0 giant spiked club
 22268 | D:15     | Identified a +0 giant club
 22268 | D:15     | Identified a +0 giant club
 22274 | D:15     | Reached skill level 1 in Air Magic
 22288 | D:15     | HP: 16/111 [two-headed ogre/+0 giant club (18)]
 22465 | D:15     | Identified a +3 war axe
 22465 | D:15     | Identified a +0 plate armour
 22465 | D:15     | Identified a +0 hand axe
 22465 | D:15     | Identified a +0 scale mail
 22465 | D:15     | Identified a +2 halberd of venom
 22465 | D:15     | Identified a +0 plate armour
 22466 | D:15     | Identified a +0 short sword
 22466 | D:15     | Identified a +0 scale mail
 22466 | D:15     | Identified a +0 whip
 22466 | D:15     | Identified a +0 leather armour
 22488 | D:15     | Reached skill level 6 in Fighting
 22555 | D:15     | Identified a +0 halberd
 22555 | D:15     | Identified a +0 robe
 22572 | D:15     | Identified a +0 giant club
 22572 | D:15     | Identified a cursed -2 giant club
 22573 | D:15     | Found a staircase to the Depths.
 22584 | D:15     | Identified a +0 dagger
 22584 | D:15     | Identified a +0 robe
 22584 | D:15     | Identified a +1 whip of venom
 22584 | D:15     | Identified a +2 robe of willpower
 22585 | D:15     | Identified a +3 war axe
 22585 | D:15     | Identified a +0 arbalest
 22585 | D:15     | Identified a +0 leather armour
 22587 | D:15     | Reached skill level 7 in Necromancy
 22595 | D:15     | Reached skill level 2 in Air Magic
 22810 | D:15     | Identified a +0 antimagic eveningstar
 22810 | D:15     | Identified a +0 chain mail
 22810 | D:15     | Identified a cursed +0 tower shield
 22810 | D:15     | Noticed Louise
 22821 | D:15     | Killed Louise
 22822 | D:15     | Reached skill level 10 in Polearms
 22971 | D:15     | Reached skill level 6 in Spellcasting
 22985 | D:15     | Identified a +0 battleaxe
 22985 | D:15     | Identified a +0 long sword
 22985 | D:15     | Identified a +0 scimitar
 22985 | D:15     | Identified a +0 glaive
 23063 | D:15     | Reached skill level 5 in Dodging
 23089 | D:15     | Identified a +0 giant club
 23093 | D:15     | Identified a +0 robe
 23095 | D:15     | Identified a +0 giant club
 23095 | D:15     | Identified a +0 giant club
 23099 | D:15     | Identified a +0 giant club
 23099 | D:15     | Identified a +0 giant club
 23105 | D:15     | Identified a +0 giant club
 23108 | D:15     | Reached skill level 1 in Shields
 23115 | D:15     | Reached XP level 14. HP: 86/119 MP: 15/23
 23327 | D:15     | Identified a +0 dagger
 23328 | D:15     | Identified a +0 short sword
 23328 | D:15     | Identified a +0 leather armour
 23331 | D:15     | Identified a +0 war axe
 23331 | D:15     | Identified a +0 chain mail
 23333 | D:15     | Identified a +0 flail
 23333 | D:15     | Identified a +2 leather armour of cold resistance
 23843 | Lair:1   | Entered Level 1 of the Lair of Beasts
 23856 | Lair:1   | Identified an uncursed amulet of regeneration (You found it
                  | on level 1 of the Lair of Beasts)
 23876 | Lair:1   | Got a translucent arbalest
 23962 | Lair:1   | Identified a scarf of invisibility (You found it on level
                  | 15 of the Dungeon)
 23976 | Lair:1   | Identified a +0 cloak (You found it on level 1 of the Lair
                  | of Beasts)
 23979 | Lair:1   | Identified a scroll of amnesia
 24019 | Lair:1   | Identified a scroll of blinking
 24095 | Lair:1   | Identified a +4 scimitar of flaming
 24095 | Lair:1   | Identified a +0 robe
 24095 | Lair:1   | Noticed Erica
 24105 | Lair:1   | Killed Erica
 24160 | Lair:1   | Got a jewelled spear
 24230 | Lair:1   | Identified the +3 spear "Kuuseg" {vamp, rN+ Str+4} (You
                  | found it on level 1 of the Lair of Beasts)
 24892 | Lair:2   | Identified a +1 hat of stealth
 24892 | Lair:2   | Noticed Gastronok
 24912 | Lair:2   | Killed Gastronok
 24913 | Lair:2   | Reached skill level 2 in Shields
 24913 | Lair:2   | Reached skill level 10 in Conjurations
 24913 | Lair:2   | Reached skill level 10 in Fire Magic
 25050 | Lair:2   | Learned a level 6 spell: Starburst
 25104 | Lair:2   | Reached skill level 7 in Fighting
 25206 | Lair:2   | Identified 2 scrolls of noise
 25208 | Lair:2   | Identified a scroll of holy word
 25385 | Lair:2   | Learned a level 2 spell: Wereblood
 25789 | Lair:3   | Identified a +0 scimitar
 25792 | Lair:3   | Found a staircase to the Snake Pit.
 25792 | Lair:3   | Identified a +0 scimitar
 25792 | Lair:3   | Identified a +0 flail
 26834 | Lair:3   | Found a staircase to the Swamp.
 27017 | Lair:3   | You fall into a shaft and drop 2 floors!
 27019 | Lair:5   | Found a staircase to the Slime Pits.
 27117 | Lair:5   | Reached skill level 3 in Shields
 27232 | Lair:5   | Reached XP level 15. HP: 109/120 MP: 11/24
 27284 | Lair:5   | Reached skill level 11 in Polearms
 27289 | Lair:5   | Reached skill level 6 in Dodging
 28542 | Lair:4   | Identified a ring of resist corrosion (You found it on
                  | level 4 of the Lair of Beasts)
 28544 | Lair:4   | Identified a ring of dexterity (You found it on level 2 of
                  | the Lair of Beasts)
 28592 | Lair:4   | Reached skill level 11 in Conjurations
 28592 | Lair:4   | Reached skill level 11 in Fire Magic
 29640 | Lair:6   | Entered Level 6 of the Lair of Beasts
 29788 | Lair:6   | Identified a potion of resistance
 29791 | Lair:6   | Identified a potion of cancellation
 29792 | Lair:6   | Identified a potion of experience
 29792 | Lair:6   | Identified a potion of mutation
 29792 | Lair:6   | Reached skill level 8 in Fighting
 29792 | Lair:6   | Reached skill level 7 in Spellcasting
 29792 | Lair:6   | Reached XP level 16. HP: 138/138 MP: 24/26
 30135 | Lair:6   | Got a bloodstained scale mail
 30138 | Lair:6   | Identified a ring of protection from cold (You found it on
                  | level 6 of the Lair of Beasts)
 30926 | Lair:6   | Reached skill level 4 in Shields
 31060 | Lair:6   | Identified a +0 troll leather armour
 31378 | Orc:1    | Entered Level 1 of the Orcish Mines
 31378 | Orc:1    | Found a roughly hewn altar of Beogh.
 31378 | Orc:1    | Identified a +0 short sword
 31378 | Orc:1    | Identified a cursed +0 plate armour
 31378 | Orc:1    | Identified a +0 dagger
 31378 | Orc:1    | Identified a +0 short sword
 31378 | Orc:1    | Identified a +2 dagger of protection
 31378 | Orc:1    | Identified a +0 robe
 31380 | Orc:1    | Identified a +0 hand axe
 31380 | Orc:1    | Identified a +0 leather armour
 31382 | Orc:1    | Identified a +0 flail
 31382 | Orc:1    | Identified a +0 leather armour
 31385 | Orc:1    | Identified a +0 war axe
 31385 | Orc:1    | Identified a cursed -2 plate armour
 31386 | Orc:1    | Identified a +0 dagger
 31386 | Orc:1    | Identified a +0 robe
 31413 | Orc:1    | Identified a +0 dagger
 31413 | Orc:1    | Identified a +0 robe
 31413 | Orc:1    | Identified a +0 leather armour
 31414 | Orc:1    | Identified a cursed -3 flail
 31414 | Orc:1    | Identified a +0 whip
 31414 | Orc:1    | Identified a +0 leather armour
 31414 | Orc:1    | Identified a +0 leather armour
 31414 | Orc:1    | Identified a +0 club
 31414 | Orc:1    | Identified a +0 leather armour
 31415 | Orc:1    | Identified a +0 long sword of electrocution
 31415 | Orc:1    | Identified a +0 chain mail
 31415 | Orc:1    | Identified a +0 trident
 31415 | Orc:1    | Identified a +0 flail
 31415 | Orc:1    | Identified a cursed +0 chain mail
 31489 | Orc:1    | Identified a +0 giant club
 31600 | Orc:2    | Entered Level 2 of the Orcish Mines
 31600 | Orc:2    | Found a staircase to the Elven Halls.
 31600 | Orc:2    | Identified a +0 flail
 31600 | Orc:2    | Identified a +0 plate armour
 31600 | Orc:2    | Identified a +0 dagger
 31600 | Orc:2    | Identified a +0 robe
 31600 | Orc:2    | Identified a +0 whip
 31600 | Orc:2    | Identified a +0 chain mail
 31600 | Orc:2    | Identified a +0 dagger
 31600 | Orc:2    | Identified a +0 battleaxe
 31600 | Orc:2    | Identified a +0 plate armour
 31600 | Orc:2    | Identified a +0 falchion
 31600 | Orc:2    | Identified a +0 ring mail
 31600 | Orc:2    | Identified a +0 falchion
 31600 | Orc:2    | Identified a +0 leather armour
 31600 | Orc:2    | Identified a +0 flail
 31624 | Orc:2    | Identified a +0 war axe
 31624 | Orc:2    | Identified a +0 chain mail of poison resistance
 31626 | Orc:2    | Identified a +0 mace
 31626 | Orc:2    | Identified a +0 giant spiked club
 31629 | Orc:2    | Identified a +2 flail of protection
 31630 | Orc:2    | Identified a +0 dagger
 31630 | Orc:2    | Identified a +0 robe
 31632 | Orc:2    | Identified a +0 trident
 31632 | Orc:2    | Identified a +0 leather armour
 31633 | Orc:2    | Identified a +0 short sword
 31633 | Orc:2    | Identified a +0 shortbow
 31633 | Orc:2    | Identified a +0 leather armour
 31635 | Orc:2    | Identified a +0 flail
 31640 | Orc:2    | Identified a +0 long sword
 31640 | Orc:2    | Identified a +0 leather armour
 31643 | Orc:2    | Identified a cursed -1 battleaxe
 31643 | Orc:2    | Identified a +0 plate armour
 31645 | Orc:2    | Identified a +0 flail
 31645 | Orc:2    | Identified a +0 chain mail
 31649 | Orc:2    | Identified a +0 war axe
 31649 | Orc:2    | Identified a +0 chain mail
 31650 | Orc:2    | Identified a +2 vorpal long sword
 31650 | Orc:2    | Identified a +0 plate armour
 31650 | Orc:2    | Identified a +0 tower shield
 31651 | Orc:2    | Identified a +0 long sword
 31651 | Orc:2    | Identified a +0 plate armour
 31847 | Orc:2    | Identified a +0 giant club
 31848 | Orc:2    | Identified a +0 halberd
 31848 | Orc:2    | Identified a +0 leather armour
 31853 | Orc:2    | Identified a +4 short sword
 31853 | Orc:2    | Identified a +0 plate armour
 31878 | Orc:2    | Identified a +0 short sword
 31878 | Orc:2    | Identified a +0 chain mail
 31878 | Orc:2    | Identified a +1 dire flail
 31878 | Orc:2    | Identified a +0 plate armour
 31878 | Orc:2    | Identified a +0 scimitar
 31878 | Orc:2    | Identified a +0 plate armour
 31881 | Orc:2    | Identified a +0 giant spiked club
 32035 | Orc:2    | Identified a +0 great mace
 32035 | Orc:2    | Identified a +0 arbalest
 32035 | Orc:2    | Identified a +0 chain mail
 32331 | Orc:2    | Identified a +5 scimitar of flaming
 32331 | Orc:2    | Identified a +2 robe
 32358 | Orc:2    | Got an ichor-stained helmet
 32369 | Orc:2    | Identified the +0 helmet of the Villain {rC+ Will+ Int+3}
                  | (You found it on level 2 of the Orcish Mines)
 32377 | Orc:2    | Identified a +0 short sword
 32377 | Orc:2    | Identified a +0 short sword
 32377 | Orc:2    | Identified a +0 chain mail
 32378 | Orc:2    | Identified a +0 mace
 32378 | Orc:2    | Identified a +0 chain mail
 32381 | Orc:2    | Identified a +0 hand axe
 32410 | Orc:2    | Identified a +0 battleaxe
 32410 | Orc:2    | Identified a +0 chain mail
 32410 | Orc:2    | Identified a cursed +0 leather armour
 32444 | Orc:2    | Identified a +0 club
 32455 | Orc:2    | Identified a +0 battleaxe
 32455 | Orc:2    | Identified a +0 chain mail
 32459 | Orc:2    | Identified a +0 scale mail
 32459 | Orc:2    | Identified a +0 scimitar
 32459 | Orc:2    | Identified a +0 chain mail
 32459 | Orc:2    | Identified a +0 short sword
 32459 | Orc:2    | Identified a +0 plate armour
 32477 | Orc:2    | Identified a +0 club
 32477 | Orc:2    | Identified a +0 leather armour
 32477 | Orc:2    | Identified a +0 short sword
 32477 | Orc:2    | Identified a +0 short sword
 32477 | Orc:2    | Identified a +0 plate armour
 32477 | Orc:2    | Identified a +0 war axe
 32477 | Orc:2    | Identified a +0 plate armour
 32477 | Orc:2    | Identified a +1 flail of holy wrath
 32477 | Orc:2    | Identified a +0 plate armour
 32477 | Orc:2    | Identified a cursed +0 chain mail
 32477 | Orc:2    | Identified a +0 hand axe
 32477 | Orc:2    | Identified a +1 vorpal battleaxe
 32477 | Orc:2    | Identified a +0 plate armour
 32478 | Orc:2    | Identified a +0 dagger
 32478 | Orc:2    | Identified a +2 robe of the Archmagi
 32478 | Orc:2    | Identified a +0 mace
 32486 | Orc:2    | Reached skill level 9 in Fighting
 32486 | Orc:2    | Identified a +0 hand axe
 32486 | Orc:2    | Identified a +0 chain mail
 32524 | Orc:2    | Identified a cursed +0 giant club
 32524 | Orc:2    | Identified a +0 giant club
 32535 | Orc:2    | Identified a +0 trident
 32535 | Orc:2    | Identified a +0 chain mail
 32537 | Orc:2    | Identified a +0 battleaxe
 32537 | Orc:2    | Identified a +0 club
 32544 | Orc:2    | Found Eloduy's Distillery.
 32544 | Orc:2    | Found Osurphaos's General Store.
 32544 | Orc:2    | Identified a +0 halberd
 32544 | Orc:2    | Identified a +0 flail
 32544 | Orc:2    | Identified a +0 ring mail
 32553 | Orc:2    | Identified a +0 leather armour
 32640 | Orc:2    | Identified a +0 short sword
 32640 | Orc:2    | Identified a +0 chain mail
 32641 | Orc:2    | Identified a +0 dire flail
 32641 | Orc:2    | Identified a +0 plate armour
 32641 | Orc:2    | Identified a cursed -1 dire flail
 32641 | Orc:2    | Identified a +0 plate armour
 32641 | Orc:2    | Identified a +0 short sword
 32641 | Orc:2    | Identified a +0 bardiche
 32641 | Orc:2    | Identified a +0 arbalest
 32641 | Orc:2    | Identified a +0 chain mail
 32641 | Orc:2    | Identified a +0 dagger
 32641 | Orc:2    | Identified a +0 robe
 32655 | Orc:2    | Reached skill level 12 in Fire Magic
 32655 | Orc:2    | Identified a +0 flail
 32655 | Orc:2    | Identified a +0 scale mail
 32655 | Orc:2    | Identified a +0 war axe
 32655 | Orc:2    | Identified a +0 flail
 32655 | Orc:2    | Identified a +0 scale mail
 32655 | Orc:2    | Identified a cursed -2 flail
 32656 | Orc:2    | Identified a +0 trident
 32932 | Orc:2    | Identified a +0 dagger
 32932 | Orc:2    | Identified a +0 robe
 32932 | Orc:2    | Identified a cursed -2 dagger
 32932 | Orc:2    | Identified a +0 robe
 32934 | Orc:2    | Identified a +0 leather armour
 32954 | Orc:1    | Identified a +0 hand axe
 32954 | Orc:1    | Identified a +0 hand axe
 32954 | Orc:1    | Identified a +0 mace
 32954 | Orc:1    | Identified a +0 trident
 32954 | Orc:1    | Identified a +0 plate armour
 32954 | Orc:1    | Identified a +0 hand axe
 32954 | Orc:1    | Identified a +0 flail
 32954 | Orc:1    | Identified a +0 ring mail
 32954 | Orc:1    | Identified a +0 mace
 32954 | Orc:1    | Identified a +0 dagger of freezing
 32954 | Orc:1    | Identified a +0 robe
 32954 | Orc:1    | Identified a +4 dagger
 32954 | Orc:1    | Identified a +0 robe
 32955 | Orc:1    | Identified a +0 club
 32957 | Orc:1    | Identified a +0 giant club
 32957 | Orc:1    | Identified a +0 dire flail
 32957 | Orc:1    | Identified a +0 plate armour
 32959 | Orc:1    | Identified a cursed -3 long sword
 32959 | Orc:1    | Identified a +0 chain mail
 32962 | Orc:1    | Identified a +0 flail
 32962 | Orc:1    | Identified a +0 scale mail
 32964 | Orc:1    | Identified a cursed -3 glaive
 32964 | Orc:1    | Identified a +0 chain mail
 32965 | Orc:1    | Identified a +0 glaive
 32965 | Orc:1    | Identified a +0 plate armour
 32979 | Orc:1    | Identified a +0 mace
 32979 | Orc:1    | Identified a +0 ring mail
 32980 | Orc:1    | Identified a +0 dagger
 32980 | Orc:1    | Identified a +0 robe
 32981 | Orc:1    | Identified a +0 great sword
 32981 | Orc:1    | Identified a +0 chain mail
 32982 | Orc:1    | Reached skill level 12 in Conjurations
 32982 | Orc:1    | Reached XP level 17. HP: 90/132 MP: 27/27
 32989 | Orc:1    | Identified a +0 club
 32992 | Orc:1    | Identified a +0 scimitar
 32992 | Orc:1    | Identified a +0 chain mail
 32996 | Orc:1    | Identified a +0 mace
 32998 | Orc:1    | Identified a +0 short sword
 32998 | Orc:1    | Identified a +0 battleaxe
 32998 | Orc:1    | Identified a +0 plate armour
 33006 | Orc:1    | Identified a +0 club
 33008 | Orc:1    | Identified a cursed -2 club
 33008 | Orc:1    | Identified a +0 leather armour
 33010 | Orc:1    | Identified a +0 glaive
 33010 | Orc:1    | Identified a +0 plate armour
 33030 | Orc:1    | Identified a +0 dagger
 33030 | Orc:1    | Identified a +0 robe
 33271 | Orc:1    | Identified a +0 dagger
 33271 | Orc:1    | Identified a +0 cloak
 33271 | Orc:1    | Noticed Maurice
 33284 | Orc:1    | Killed Maurice
 33287 | Orc:1    | Identified a +0 spear
 33287 | Orc:1    | Identified a +0 robe
 33292 | Orc:1    | Identified a +0 giant club
 33292 | Orc:1    | Identified a +0 giant club
 33295 | Orc:1    | Identified a +0 giant club
 33295 | Orc:1    | Identified a +0 giant spiked club
 33296 | Orc:1    | Identified a +0 giant club
 33296 | Orc:1    | Identified a +0 giant club
 33296 | Orc:1    | Identified a +0 giant spiked club
 33307 | Orc:1    | Reached skill level 12 in Polearms
 33319 | Orc:1    | Identified a +0 flail
 33321 | Orc:1    | Identified a +0 dagger
 33321 | Orc:1    | Identified a +0 club
 33321 | Orc:1    | Identified a +0 leather armour
 33322 | Orc:1    | Identified a +0 dagger
 33322 | Orc:1    | Identified a +0 robe
 33323 | Orc:1    | Identified a +0 glaive
 33323 | Orc:1    | Identified a +0 chain mail
 33325 | Orc:1    | Identified a +1 vorpal mace
 33325 | Orc:1    | Identified a +0 leather armour
 33326 | Orc:1    | Identified a +0 dagger
 33326 | Orc:1    | Identified a +0 robe
 33326 | Orc:1    | Identified a +2 dagger of flaming
 33326 | Orc:1    | Identified a +0 leather armour
 33326 | Orc:1    | Identified a +0 trident
 33326 | Orc:1    | Identified a +0 chain mail
 33326 | Orc:1    | Identified a +0 short sword
 33328 | Orc:1    | Identified a +0 war axe
 33331 | Orc:1    | Identified a +3 dagger of flaming
 33331 | Orc:1    | Identified a +0 giant spiked club
 33331 | Orc:1    | Identified a +0 dagger
 33331 | Orc:1    | Identified a +0 robe
 33331 | Orc:1    | Identified a +0 leather armour
 33332 | Orc:1    | Identified a +0 scimitar
 33332 | Orc:1    | Identified a +0 chain mail
 33412 | Orc:1    | Identified a +0 flail
 33432 | Orc:1    | Identified a +0 flail
 33432 | Orc:1    | Identified a +0 plate armour
 33440 | Orc:1    | Identified a +0 flail
 33440 | Orc:1    | Identified a +0 scale mail
 33799 | Orc:2    | Identified a +0 glaive
 33799 | Orc:2    | Identified a cursed +0 plate armour
 33799 | Orc:2    | Identified a +0 dagger
 33799 | Orc:2    | Identified a +0 robe
 33800 | Orc:2    | Identified a +0 dagger
 33800 | Orc:2    | Identified a +1 robe of fire resistance
 33802 | Orc:2    | Identified a +0 dagger
 33802 | Orc:2    | Identified a +0 robe
 33803 | Orc:2    | Identified a cursed -2 dagger
 33803 | Orc:2    | Identified a +0 robe
 33977 | Orc:2    | Identified a +0 hand axe
 33989 | Orc:2    | Identified a +0 dagger
 34220 | Orc:2    | Identified a +0 club
 34221 | Orc:2    | Identified a +0 dire flail
 34221 | Orc:2    | Identified a +0 chain mail
 34284 | Orc:2    | Identified a +0 flail of protection
 34284 | Orc:2    | Identified a +0 leather armour
 34285 | Orc:2    | Identified a +0 dagger
 34285 | Orc:2    | Identified a +0 robe
 34309 | Orc:2    | Identified a +0 demon trident of freezing
 34384 | Orc:2    | Identified a +0 hand axe
 34384 | Orc:2    | Identified a +0 leather armour
 34385 | Orc:2    | Identified a +0 dire flail
 34388 | Orc:2    | Identified a +0 short sword
 34407 | Orc:2    | Found Urchacze's Antique Weapon Boutique.
 34407 | Orc:2    | Found Lepeamit's Jewellery Shop.
 34408 | Orc:2    | Found a one-way gate leading to the halls of Pandemonium.
 34667 | Snake:1  | Entered Level 1 of the Snake Pit
 34692 | Snake:1  | Identified a +0 dire flail
 34693 | Snake:1  | Identified a +0 long sword of holy wrath
 34693 | Snake:1  | Identified a +0 arbalest
 34707 | Snake:1  | Reached skill level 5 in Shields
 34746 | Snake:1  | Identified a +0 robe
 34787 | Snake:1  | Identified a +0 club
 34854 | Snake:1  | Identified a +0 halberd
 34914 | Snake:1  | Identified a cursed amulet of inaccuracy (You found it on
                  | level 1 of the Snake Pit)
 35072 | Snake:1  | Identified a +0 mace
 35097 | Snake:1  | Identified a +0 dagger of venom
 35097 | Snake:1  | Identified a +0 robe
 35270 | Snake:1  | Identified a +0 scimitar
 35273 | Snake:1  | Identified a +0 dire flail
 35287 | Snake:1  | Identified a scroll of torment
 35363 | Snake:1  | Identified a +0 spear
 35414 | Snake:1  | Identified a +3 long sword
 35555 | Snake:2  | Found Ciekhar's Armour Shop.
 35811 | Orc:2    | Bought a potion of curing for 36 gold pieces
 35811 | Orc:2    | Bought a potion of brilliance for 48 gold pieces
 35811 | Orc:2    | Bought a potion of curing for 36 gold pieces
 35811 | Orc:2    | Bought a potion of resistance for 120 gold pieces
 35811 | Orc:2    | Bought a potion of lignification for 36 gold pieces
 35811 | Orc:2    | Bought a potion of cancellation for 96 gold pieces
 35811 | Orc:2    | Bought a potion of lignification for 36 gold pieces
 35811 | Orc:2    | Bought a potion of might for 48 gold pieces
 35811 | Orc:2    | Bought a potion of magic for 96 gold pieces
 35811 | Orc:2    | Bought a potion of curing for 36 gold pieces
 35811 | Orc:2    | Bought a potion of haste for 120 gold pieces
 36021 | Snake:2  | Identified a +2 shortbow of flaming
 36029 | Snake:2  | Identified a cursed +0 flail
 36030 | Snake:2  | Identified a +0 hand axe of freezing
 36030 | Snake:2  | Identified a +0 longbow
 36030 | Snake:2  | Identified a +0 robe
 36031 | Snake:2  | Identified a +0 war axe
 36031 | Snake:2  | Identified a +0 shortbow
 36031 | Snake:2  | Identified a +0 robe
 36032 | Snake:2  | Identified a +0 war axe
 36032 | Snake:2  | Identified a +0 shortbow
 36191 | Snake:2  | Identified a +0 dagger
 36191 | Snake:2  | Identified a +0 robe
 36191 | Snake:2  | Identified a +0 halberd
 36193 | Snake:2  | Identified a +3 glaive
 36219 | Snake:2  | Identified a +0 club
 36306 | Snake:2  | Identified a +0 morningstar
 36306 | Snake:2  | Identified a +0 shortbow of flaming
 36306 | Snake:2  | Identified a +0 ring mail
 36368 | Snake:2  | Identified a +3 spear of venom
 36524 | Snake:2  | Identified a +0 shortbow of flaming
 36525 | Snake:2  | Identified a +0 lajatang
 36525 | Snake:2  | Identified a +2 robe of fire resistance
 36525 | Snake:2  | Noticed Agnes
 36525 | Snake:2  | Identified a +0 glaive
 36525 | Snake:2  | Identified a +0 battleaxe
 36531 | Snake:2  | Killed Agnes
 36679 | Snake:2  | Identified a +0 trident
 36679 | Snake:2  | Identified a +0 robe
 36718 | Snake:2  | Identified a +0 glaive
 37001 | Snake:3  | Identified a +0 spear
 37001 | Snake:3  | Identified a +0 robe
 37128 | Snake:3  | Identified a scroll of silence
 37200 | Snake:3  | Reached skill level 13 in Fire Magic
 37246 | Snake:3  | Found Biarar's Jewellery Shop.
 37249 | Snake:3  | Found Feutanus's Book Emporium.
 37250 | Snake:3  | Found Gawkillu's Jewellery Shop.
 37256 | Snake:3  | Bought the amulet of Vitality {Regen+ HP+15} for 1027 gold
                  | pieces
 37256 | Snake:3  | Found the amulet of Vitality {Regen+ HP+15}
 37282 | Snake:3  | Identified a +0 battleaxe
 37282 | Snake:3  | Identified a +0 robe
 37315 | Snake:3  | Reached skill level 13 in Conjurations
 37533 | Snake:3  | Identified a scarf of harm (You found it on level 3 of the
                  | Snake Pit)
 37856 | Snake:4  | Entered Level 4 of the Snake Pit
 37856 | Snake:4  | Identified a +0 spear
 37856 | Snake:4  | Identified a +0 robe
 37960 | Snake:4  | Identified a scroll of brand weapon
 37960 | Snake:4  | Identified a +0 war axe of electrocution
 37960 | Snake:4  | Identified a +0 dire flail
 37960 | Snake:4  | Identified a +0 shortbow
 37960 | Snake:4  | Identified a +2 vorpal battleaxe
 37960 | Snake:4  | Identified a +0 trident
 37960 | Snake:4  | Identified a +0 flail
 37960 | Snake:4  | Identified a +0 arbalest
 37960 | Snake:4  | Identified a +0 scimitar
 37960 | Snake:4  | Identified a +2 vorpal trident
 37962 | Snake:4  | Identified a +0 short sword
 37962 | Snake:4  | Identified a +0 robe
 37977 | Snake:4  | Identified a +0 short sword
 37981 | Snake:4  | Identified a +0 war axe
 37981 | Snake:4  | Identified a +0 robe
 38003 | Snake:4  | Identified a +0 hand axe
 38170 | Snake:4  | Identified a +0 club
 38170 | Snake:4  | Identified a +0 robe
 38178 | Snake:4  | Identified a +0 flail
 38178 | Snake:4  | Identified a +0 arbalest
 38178 | Snake:4  | Identified a +0 robe
 38316 | Snake:4  | Identified a +0 halberd
 38318 | Snake:4  | Identified a +0 hand axe
 38320 | Snake:4  | Identified a +0 dire flail
 38320 | Snake:4  | Identified a +0 war axe
 38320 | Snake:4  | Identified a +0 war axe
 38320 | Snake:4  | Identified a +0 shortbow
 38321 | Snake:4  | Identified a +0 spear
 38324 | Snake:4  | Identified a +0 battleaxe
 38331 | Snake:4  | Identified a +0 hand axe
 38333 | Snake:4  | Reached skill level 6 in Shields
 38334 | Snake:4  | Identified a +0 whip
 38343 | Snake:4  | Reached XP level 18. HP: 65/142 MP: 19/28
 38518 | Snake:4  | Identified a cursed -1 spear
 38520 | Snake:4  | Identified a +0 scimitar
 38521 | Snake:4  | Identified a +0 dagger of venom
 38521 | Snake:4  | Identified a +0 robe
 38524 | Snake:4  | Identified a +0 mace
 38588 | Snake:4  | Found Detech's Jewellery Shoppe.
 38588 | Snake:4  | Found Fustim's Antique Weapon Shoppe.
 38600 | Snake:4  | Found Domiulof's Jewellery Shoppe.
 38605 | Snake:4  | Found Wisurep's General Store.
 38613 | Snake:4  | Bought the +2 hat of the Bear Spirit {Spirit, +Rage rN+
                  | Will++} for 703 gold pieces
 38613 | Snake:4  | Found the +2 hat of the Bear Spirit {Spirit, +Rage rN+
                  | Will++}
 38613 | Snake:4  | Bought a potion of curing for 54 gold pieces
 38613 | Snake:4  | Bought a potion of curing for 54 gold pieces
 38613 | Snake:4  | Bought a scroll of enchant armour for 135 gold pieces
 38724 | Snake:4  | Identified a +0 whip
 38724 | Snake:4  | Identified a +0 robe
 38726 | Snake:4  | Identified a +0 battleaxe
 38726 | Snake:4  | Identified a +0 robe
 38727 | Snake:4  | Identified a +0 trident
 38728 | Snake:4  | Identified a +0 mace
 38728 | Snake:4  | Identified a +0 club
 38728 | Snake:4  | Identified a +0 robe
 38825 | Snake:4  | Identified a +0 trident
 38825 | Snake:4  | Identified a +0 robe
 38826 | Snake:4  | Identified a +0 trident
 38826 | Snake:4  | Identified a +0 arbalest
 38826 | Snake:4  | Identified a +0 robe
 38828 | Snake:4  | Identified a +0 trident
 38828 | Snake:4  | Identified a +0 mace
 38828 | Snake:4  | Identified a cursed -1 hand axe
 38828 | Snake:4  | Identified a +0 halberd
 38828 | Snake:4  | Identified a +0 flail
 38828 | Snake:4  | Identified a +0 robe
 38828 | Snake:4  | Identified a +0 battleaxe
 38828 | Snake:4  | Identified a +0 robe
 38829 | Snake:4  | Identified a +0 shortbow of flaming
 39065 | Snake:4  | Identified a +0 battleaxe
 39065 | Snake:4  | Identified a +1 robe of willpower
 39110 | Snake:4  | Identified a +0 trident
 39126 | Snake:4  | Identified a +0 flail
 39126 | Snake:4  | Identified a +0 quarterstaff
 39126 | Snake:4  | Identified a +0 robe
 39126 | Snake:4  | Identified a +0 quarterstaff
 39126 | Snake:4  | Identified a +0 robe
 39126 | Snake:4  | Identified a +0 long sword
 39126 | Snake:4  | Identified a +0 shortbow
 39126 | Snake:4  | Identified a +0 robe
 39127 | Snake:4  | Identified a +0 halberd
 39128 | Snake:4  | Identified a +0 quarterstaff
 39128 | Snake:4  | Identified a +0 robe
 39128 | Snake:4  | Identified a +0 quarterstaff
 39128 | Snake:4  | Identified a +0 robe
 39227 | Snake:4  | Identified a +0 long sword
 39227 | Snake:4  | Identified a +0 robe
 39227 | Snake:4  | Identified a +0 tower shield
 39313 | Snake:4  | Identified a +0 dagger of venom
 39313 | Snake:4  | Identified a +0 robe
 39335 | Snake:4  | Identified a +0 halberd
 39335 | Snake:4  | Identified a +0 robe
 39346 | Snake:4  | Identified a +0 scimitar
 39348 | Snake:4  | Identified a +0 mace
 39348 | Snake:4  | Identified a +0 robe
 39390 | Snake:4  | Identified a +2 vampiric halberd
 39391 | Snake:4  | Identified a +0 robe
 39392 | Snake:4  | Identified a +0 spear
 39429 | Snake:4  | Identified a +1 vorpal halberd
 39451 | Snake:4  | Identified a +1 spear of venom
 39451 | Snake:4  | Identified a +0 robe
 39455 | Snake:4  | Identified a +2 dagger of venom
 39455 | Snake:4  | Identified a +0 robe
 39455 | Snake:4  | Identified a +0 flail
 39455 | Snake:4  | Identified a +0 robe
 39455 | Snake:4  | Identified a +0 scimitar
 39455 | Snake:4  | Identified a +0 shortbow
 39455 | Snake:4  | Identified a +0 spear
 39455 | Snake:4  | Identified a +0 robe
 39456 | Snake:4  | Identified a +0 short sword
 39456 | Snake:4  | Identified a -1 shortbow
 39457 | Snake:4  | Identified a +3 dagger of venom
 39457 | Snake:4  | Identified a +0 robe
 39472 | Snake:4  | Identified a +0 club
 39494 | Snake:4  | Identified a +3 dagger of venom
 39494 | Snake:4  | Identified a +0 robe
 39496 | Snake:4  | Identified a +0 spear
 39496 | Snake:4  | Identified a +0 quarterstaff
 39496 | Snake:4  | Identified a +0 robe
 39498 | Snake:4  | Identified a +0 robe
 39501 | Snake:4  | Reached skill level 14 in Fire Magic
 39504 | Snake:4  | Identified a +2 dagger of venom
 39504 | Snake:4  | Identified a +0 robe
 39506 | Snake:4  | Reached skill level 14 in Conjurations
 39519 | Snake:4  | Reached skill level 13 in Polearms
 39525 | Snake:4  | Identified a +1 mace of holy wrath
 39565 | Snake:4  | Identified a +0 spear
 39587 | Snake:4  | Identified a +0 short sword
 39587 | Snake:4  | Identified a +0 arbalest
 39618 | Snake:4  | Reached skill level 7 in Shields
 39885 | Snake:4  | Identified a +4 scimitar of venom
 39885 | Snake:4  | Identified a +0 robe
 39905 | Snake:4  | HP: 39/166 [shock serpent (7)]
 40186 | Snake:4  | Identified a +0 flail
 40186 | Snake:4  | Identified a +0 robe
 40244 | Snake:4  | Identified a +0 trident
 40244 | Snake:4  | Identified a +0 robe
 40440 | Snake:4  | Got a serpentine rune of Zot
 40715 | Swamp:1  | Entered Level 1 of the Swamp
 40868 | Swamp:1  | Identified a +0 spear
 40868 | Swamp:1  | Identified a +0 buckler
 40965 | Swamp:1  | Reached skill level 8 in Shields
 40973 | Swamp:1  | Found a basalt altar of Yredelemnul.
 40995 | Swamp:1  | Identified a +0 robe
 41004 | Swamp:1  | Reached XP level 19. HP: 165/165 MP: 29/29
 41013 | Swamp:1  | Identified a +1 antimagic spear
 41013 | Swamp:1  | Identified a +0 buckler
 41015 | Swamp:1  | Identified a cursed -2 spear
 41015 | Swamp:1  | Identified a +0 buckler
 41016 | Swamp:1  | Identified a +0 spear
 41016 | Swamp:1  | Identified a +0 buckler
 41373 | Swamp:2  | Identified a +0 spear
 41397 | Swamp:2  | Found a frozen archway.
 41416 | IceCv    | Entered an ice cave
 41720 | IceCv    | Reached skill level 14 in Polearms
 41850 | IceCv    | Noticed an Ice Fiend
 41880 | IceCv    | Killed an Ice Fiend
 41986 | IceCv    | Identified a +1 cloak of cold resistance {rC+} (You found
                  | it in an ice cave)
 41995 | IceCv    | Got a warped flail
 42029 | IceCv    | Identified an amulet of guardian spirit (You found it in an
                  | ice cave)
 42030 | IceCv    | Identified a ring of positive energy (You found it in an
                  | ice cave)
 42965 | Swamp:3  | Reached skill level 3 in Translocations
 43014 | Swamp:3  | Identified a +0 broad axe
 43014 | Swamp:3  | Identified a +0 robe
 43014 | Swamp:3  | Identified a cursed amulet of magic regeneration
 43026 | Swamp:3  | Reached skill level 9 in Shields
 43035 | Swamp:3  | Acquired a +5 demon trident of venom
 43085 | Swamp:3  | Got a warped leather armour
 43096 | Swamp:3  | Identified the +0 leather armour "Bizeunut" {Will- Int+3
                  | Dex+4} (You found it on level 3 of the Swamp)
 43130 | Swamp:3  | Identified a +2 pair of gloves (You found it on level 3 of
                  | the Swamp)
 43146 | Swamp:3  | Identified a +2 pair of gloves (You found it on level 3 of
                  | the Swamp)
 43351 | Swamp:3  | Reached skill level 4 in Translocations
 43483 | Swamp:3  | Lost mutation: You are dopey. (Int -2) [potion of mutation]
 43483 | Swamp:3  | Gained mutation: You are dopey. (Int -2) [potion of
                  | mutation]
 43483 | Swamp:3  | Gained mutation: You have a somewhat thin skeletal
                  | structure. (Dex +2, Stealth) [potion of mutation]
 43484 | Swamp:3  | Lost mutation: You are dopey. (Int -2) [potion of mutation]
 43484 | Swamp:3  | Lost mutation: You have a somewhat thin skeletal structure.
                  | (Dex +2, Stealth) [potion of mutation]
 43484 | Swamp:3  | Gained mutation: You are partially covered in large bone
                  | plates. (SH +4) [potion of mutation]
 43484 | Swamp:3  | Gained mutation: Your muscles are strong. (Str +2) [potion
                  | of mutation]
 43484 | Swamp:3  | Gained mutation: Your body sometimes deteriorates upon
                  | taking damage. [potion of mutation]
 43484 | Swamp:3  | Gained mutation: You are agile. (Dex +2) [potion of
                  | mutation]
 43748 | Swamp:4  | Entered Level 4 of the Swamp
 43790 | Swamp:4  | Identified a +0 rapier
 43790 | Swamp:4  | Identified a +0 robe
 43790 | Swamp:4  | Identified a +0 buckler
 43791 | Swamp:4  | Identified a +0 spear
 43791 | Swamp:4  | Identified a +0 buckler
 43792 | Swamp:4  | Identified a +0 quarterstaff
 43792 | Swamp:4  | Identified a +0 robe
 43793 | Swamp:4  | Identified a +0 short sword
 43793 | Swamp:4  | Identified a +0 robe
 44027 | Swamp:4  | Reached skill level 5 in Translocations
 44071 | Swamp:4  | Identified a +0 quarterstaff
 44071 | Swamp:4  | Identified a cursed +0 robe
 44106 | Swamp:4  | Identified a +0 quarterstaff
 44106 | Swamp:4  | Identified a +0 robe
 44129 | Swamp:4  | Identified a +0 spear
 44130 | Swamp:4  | Identified a +0 quarterstaff
 44130 | Swamp:4  | Identified a +0 robe
 44133 | Swamp:4  | Identified a +0 spear
 44476 | Swamp:4  | Noticed a bone dragon
 44510 | Swamp:4  | Killed a bone dragon
 44511 | Swamp:4  | Reached skill level 6 in Translocations
 44535 | Swamp:4  | Got a decaying rune of Zot
 44879 | Vaults:1 | Entered Level 1 of the Vaults
 44956 | Vaults:1 | Identified a +0 arbalest
 44956 | Vaults:1 | Identified a cursed +0 war axe
 44956 | Vaults:1 | Identified a +0 plate armour
 44956 | Vaults:1 | Identified a +0 flail
 44956 | Vaults:1 | Identified a +0 dagger
 44956 | Vaults:1 | Identified a +0 dagger
 44956 | Vaults:1 | Identified a +0 robe
 44958 | Vaults:1 | Identified a +0 hand axe
 44958 | Vaults:1 | Identified a +0 plate armour
 44974 | Vaults:1 | Reached skill level 10 in Shields
 45062 | Vaults:1 | Identified a +0 arbalest
 45062 | Vaults:1 | Identified a +0 arbalest
 45062 | Vaults:1 | Identified a +0 arbalest
 45063 | Vaults:1 | Identified a +3 arbalest
 45063 | Vaults:1 | Identified a +0 arbalest
 45094 | Vaults:1 | Identified a +0 long sword
 45094 | Vaults:1 | Identified a cursed +0 leather armour
 45096 | Vaults:1 | Identified a cursed -1 short sword
 45096 | Vaults:1 | Identified a +0 ring mail
 45101 | Vaults:1 | Identified a +0 spear
 45101 | Vaults:1 | Identified a +0 longbow
 45101 | Vaults:1 | Identified a +0 leather armour
 45101 | Vaults:1 | Identified a +0 short sword
 45101 | Vaults:1 | Identified a +0 ring mail
 45101 | Vaults:1 | Identified a +0 short sword
 45201 | Vaults:1 | Identified a +1 long sword of electrocution
 45201 | Vaults:1 | Identified a +0 chain mail
 45201 | Vaults:1 | Identified a +0 kite shield
 45201 | Vaults:1 | Noticed Donald
 45216 | Vaults:1 | Killed Donald
 45270 | Vaults:1 | Identified a +0 arbalest
 45270 | Vaults:1 | Identified a +0 arbalest
 45270 | Vaults:1 | Identified a +0 arbalest
 45270 | Vaults:1 | Identified a +0 arbalest
 45276 | Vaults:1 | Identified a +0 arbalest
 45289 | Vaults:1 | Reached skill level 1 in Transmutations
 45399 | Vaults:1 | Identified a cursed -1 dagger
 45401 | Vaults:1 | Identified a +0 long sword
 45401 | Vaults:1 | Identified a +0 leather armour
 45401 | Vaults:1 | Identified a +0 short sword
 45401 | Vaults:1 | Identified a +0 leather armour
 45401 | Vaults:1 | Identified a +0 long sword
 45401 | Vaults:1 | Identified a +0 shortbow
 45402 | Vaults:1 | Identified a +0 glaive
 45402 | Vaults:1 | Identified a +0 longbow
 45424 | Vaults:1 | Reached XP level 20. HP: 117/174 MP: 31/31
 45492 | Vaults:1 | Identified a +0 arbalest
 45493 | Vaults:1 | Identified a +0 arbalest
 45493 | Vaults:1 | Identified a +0 arbalest
 45493 | Vaults:1 | Identified a cursed +0 arbalest
 45494 | Vaults:1 | Identified a +1 long sword of holy wrath
 45494 | Vaults:1 | Identified a +0 chain mail
 45494 | Vaults:1 | Identified a cursed +0 tower shield
 45673 | Vaults:1 | Identified a +0 flail
 45673 | Vaults:1 | Identified a +0 leather armour
 45673 | Vaults:1 | Identified a +0 great mace
 45673 | Vaults:1 | Identified a +0 leather armour
 45676 | Vaults:1 | Identified a +0 flail
 45676 | Vaults:1 | Identified a +0 leather armour
 45683 | Vaults:1 | Identified a +0 battleaxe
 45683 | Vaults:1 | Identified a +0 chain mail
 45785 | Vaults:1 | Found Zenoulox's Antique Armour Shop.
 45796 | Vaults:1 | Bought a pitted helmet for 351 gold pieces
 45806 | Vaults:1 | Identified the +0 helmet of Lust {rElec Str+3} (You bought
                  | it in a shop on level 1 of the Vaults)
 45837 | Vaults:1 | Identified a +2 vorpal morningstar
 45837 | Vaults:1 | Identified a +0 ring mail
 45852 | Vaults:1 | Identified a +0 spear
 45852 | Vaults:1 | Identified a +0 robe
 45873 | Vaults:1 | Identified a +0 scimitar
 45881 | Vaults:1 | Identified a +0 dire flail
 45882 | Vaults:1 | Identified a +0 great mace
 45882 | Vaults:1 | Identified a +0 chain mail
 45889 | Vaults:1 | Reached skill level 2 in Transmutations
 45917 | Vaults:1 | Identified a +0 dagger
 45917 | Vaults:1 | Identified a +2 longbow of flaming
 45917 | Vaults:1 | Identified a +0 leather armour
 45917 | Vaults:1 | Identified a +0 scimitar
 45917 | Vaults:1 | Identified a +0 leather armour
 45917 | Vaults:1 | Identified a +0 dagger
 45917 | Vaults:1 | Identified a +0 shortbow
 45917 | Vaults:1 | Identified a +0 leather armour
 45917 | Vaults:1 | Identified a +0 short sword
 45917 | Vaults:1 | Identified a +0 short sword
 45917 | Vaults:1 | Noticed a deep elf demonologist
 45925 | Vaults:1 | Killed a deep elf demonologist
 46045 | Vaults:1 | Identified a +0 dagger
 46045 | Vaults:1 | Identified a +0 shortbow
 46045 | Vaults:1 | Identified a +0 leather armour
 46045 | Vaults:1 | Identified a +0 short sword
 46045 | Vaults:1 | Identified a +0 longbow
 46045 | Vaults:1 | Identified a +1 leather armour of poison resistance
 46046 | Vaults:1 | Reached skill level 11 in Shields
 46046 | Vaults:1 | Reached XP level 21. HP: 181/181 MP: 32/32
 46047 | Vaults:1 | Identified a +0 long sword
 46048 | Vaults:1 | Identified a +0 dagger
 46085 | Vaults:1 | Identified a +0 hand axe
 46090 | Vaults:1 | Identified a +0 giant club
 46091 | Vaults:1 | Identified a +0 battleaxe
 46091 | Vaults:1 | Identified a +2 plate armour of willpower
 46092 | Vaults:1 | Identified a +0 hand axe
 46092 | Vaults:1 | Identified a +0 dagger
 46092 | Vaults:1 | Identified a +0 leather armour
 46092 | Vaults:1 | Identified a +0 dagger
 46092 | Vaults:1 | Identified a +0 robe
 46095 | Vaults:1 | Identified a +0 long sword
 46095 | Vaults:1 | Identified a +0 chain mail
 46100 | Vaults:1 | Identified a +0 shortbow
 46115 | Vaults:1 | Identified +0 acid dragon scales
 46290 | Vaults:1 | Identified a +4 morningstar of holy wrath
 46290 | Vaults:1 | Identified a cursed +0 leather armour
 46290 | Vaults:1 | Identified a +0 kite shield
 46290 | Vaults:1 | Noticed Asterion
 46306 | Vaults:1 | Killed Asterion
 46487 | Vaults:2 | Identified a +1 vampiric battleaxe
 46487 | Vaults:2 | Identified a +0 plate armour
 46487 | Vaults:2 | Identified a +0 dire flail
 46487 | Vaults:2 | Identified a cursed +0 chain mail
 46488 | Vaults:2 | Identified a +0 dire flail
 46488 | Vaults:2 | Identified a +0 ring mail
 46573 | Vaults:2 | Identified a +0 spear
 46573 | Vaults:2 | Identified a +0 robe
 46573 | Vaults:2 | Identified a +0 giant club
 46573 | Vaults:2 | Identified a +0 giant club
 46573 | Vaults:2 | Identified a +0 giant club
 46573 | Vaults:2 | Identified a +0 giant club
 46573 | Vaults:2 | Identified a +0 giant club
 46573 | Vaults:2 | Identified a +0 giant club
 46573 | Vaults:2 | Identified a +1 flail of draining
 46573 | Vaults:2 | Identified a +0 leather armour
 46576 | Vaults:2 | Identified a +0 giant spiked club
 46576 | Vaults:2 | Identified a +0 giant club
 46684 | Vaults:2 | Identified a +0 bardiche
 46684 | Vaults:2 | Identified a +0 plate armour
 46747 | Vaults:2 | Identified a +0 dire flail
 46747 | Vaults:2 | Identified a +0 scale mail
 46886 | Vaults:2 | Identified a +0 war axe
 46886 | Vaults:2 | Identified a +0 ring mail
 46902 | Vaults:2 | Got a glimmering trident
 46903 | Vaults:2 | Identified the +4 trident "Yrchauru" {drain, Will- Dex+5}
                  | (You found it on level 2 of the Vaults)
 46950 | Vaults:2 | Identified a +1 morningstar of flaming
 46950 | Vaults:2 | Identified a +0 scale mail
 46952 | Vaults:2 | Identified a +0 war axe
 46952 | Vaults:2 | Identified a +0 plate armour
 46952 | Vaults:2 | Identified a +0 flail
 46952 | Vaults:2 | Identified a +0 scale mail
 46953 | Vaults:2 | Identified a +0 war axe
 46953 | Vaults:2 | Identified a +0 plate armour
 46953 | Vaults:2 | Identified a +0 kite shield
 46958 | Vaults:2 | Identified a +0 shortbow
 46959 | Vaults:2 | Identified a +0 arbalest
 46960 | Vaults:2 | Identified a +0 arbalest
 47275 | Vaults:2 | Identified a +0 great mace
 47275 | Vaults:2 | Identified a cursed +0 scale mail
 47489 | Vaults:2 | Identified a +0 great sword
 47489 | Vaults:2 | Identified a +0 chain mail
 47489 | Vaults:2 | Identified a +0 broad axe
 47489 | Vaults:2 | Identified a +0 chain mail
 47489 | Vaults:2 | Identified a +0 bardiche
 47489 | Vaults:2 | Identified a +0 chain mail
 47490 | Vaults:2 | Identified a +0 dire flail
 47490 | Vaults:2 | Identified a +0 chain mail
 47490 | Vaults:2 | Identified a +0 long sword
 47490 | Vaults:2 | Identified a +0 plate armour
 47490 | Vaults:2 | Identified a +0 dire flail
 47490 | Vaults:2 | Identified a +0 plate armour
 47522 | Vaults:2 | Reached skill level 8 in Spellcasting
 47603 | Vaults:2 | Identified a +0 dire flail
 47603 | Vaults:2 | Identified a +0 dire flail
 47603 | Vaults:2 | Identified a +0 dire flail
 47603 | Vaults:2 | Identified a +0 dire flail
 47604 | Vaults:2 | Identified a +0 short sword
 47604 | Vaults:2 | Identified a +0 ring mail
 47608 | Vaults:2 | Identified a +0 war axe
 47608 | Vaults:2 | Identified a +0 scale mail
 47620 | Vaults:2 | Identified a +0 falchion
 47620 | Vaults:2 | Identified a +0 ring mail
 47625 | Vaults:2 | Identified a +0 dire flail
 47625 | Vaults:2 | Identified a +0 dire flail
 47654 | Vaults:2 | Identified a +0 dire flail
 47654 | Vaults:2 | Identified a +0 ring mail
 47658 | Vaults:2 | Identified a +0 long sword
 47658 | Vaults:2 | Identified a +0 plate armour
 47658 | Vaults:2 | Identified a +2 buckler
 47659 | Vaults:2 | Identified a +0 morningstar
 47659 | Vaults:2 | Identified a +0 ring mail
 47660 | Vaults:2 | Identified a +0 morningstar
 47660 | Vaults:2 | Identified a +0 ring mail
 47660 | Vaults:2 | Identified a +1 great sword of flaming
 47660 | Vaults:2 | Noticed an entropy weaver
 47660 | Vaults:2 | Identified a +0 ring mail
 47666 | Vaults:2 | Reached skill level 8 in Necromancy
 47667 | Vaults:2 | Killed an entropy weaver
 47669 | Vaults:2 | Identified a +0 dagger
 47669 | Vaults:2 | Identified a +0 robe
 47675 | Vaults:2 | Identified a +0 dagger
 47675 | Vaults:2 | Identified a cursed +0 chain mail
 47706 | Vaults:2 | Identified a +0 robe
 47708 | Vaults:2 | Identified a +0 long sword
 47708 | Vaults:2 | Identified a +0 chain mail
 47708 | Vaults:2 | Identified a +0 kite shield
 47711 | Vaults:2 | Identified a +0 glaive
 47711 | Vaults:2 | Identified a +0 chain mail
 47773 | Vaults:2 | Reached skill level 10 in Fighting
 47793 | Vaults:2 | Identified a +0 robe
 47807 | Vaults:2 | Identified a +0 dagger
 47807 | Vaults:2 | Noticed a deep elf demonologist
 47812 | Vaults:2 | Killed a deep elf demonologist
 47845 | Vaults:2 | Identified a +0 great mace
 47845 | Vaults:2 | Identified a +0 leather armour
 47857 | Vaults:2 | Identified Sif Muna's Catalogue of Mutagenic Heat
 47875 | Vaults:2 | Identified a +0 war axe
 47875 | Vaults:2 | Identified a cursed +0 ring mail
 47918 | Vaults:2 | Found the +8 frozen axe "Frostbite" {freezing cloud, *Noise
                  | +Fly rC+}
 47929 | Vaults:2 | Got a sapphire fustibalus
 47930 | Vaults:2 | Identified the +6 fustibalus "Poavvei" {flame, rElec rF++
                  | rN+ Stlth-} (You found it on level 2 of the Vaults)
 48779 | Vaults:3 | Identified a +0 arbalest
 48828 | Vaults:3 | Identified a +0 dire flail
 48828 | Vaults:3 | Identified a +0 ring mail
 48828 | Vaults:3 | Identified a +0 dire flail
 48828 | Vaults:3 | Identified a +0 scale mail
 48831 | Vaults:3 | Identified a +0 falchion
 48831 | Vaults:3 | Identified a +0 scale mail
 48833 | Vaults:3 | Identified a +0 giant spiked club
 48833 | Vaults:3 | Identified a +0 giant spiked club
 48836 | Vaults:3 | Identified a +0 giant spiked club
 48836 | Vaults:3 | Identified a cursed +0 giant club
 48836 | Vaults:3 | Identified a +0 giant club
 48838 | Vaults:3 | Identified a +0 giant club
 48838 | Vaults:3 | Identified a +0 giant club
 48839 | Vaults:3 | Identified a +0 spear
 48839 | Vaults:3 | Identified a +0 robe
 48839 | Vaults:3 | Paralysed by a floating eye for 3 turns
 48840 | Vaults:3 | Identified a +0 giant club
 48840 | Vaults:3 | Identified a +0 giant club
 48850 | Vaults:3 | Paralysed by a floating eye for 2 turns
 48865 | Vaults:3 | Paralysed by a floating eye for 2 turns
 48873 | Vaults:3 | Paralysed by a floating eye for 2 turns
 48881 | Vaults:3 | Identified +0 ice dragon scales
 48884 | Vaults:3 | Identified a cursed -2 short sword
 48884 | Vaults:3 | Identified a +0 leather armour
 48892 | Vaults:3 | Identified a +0 rapier
 48893 | Vaults:3 | Identified a +0 short sword
 48893 | Vaults:3 | Identified a +0 club
 48893 | Vaults:3 | Identified a +0 trident
 48893 | Vaults:3 | Identified a +0 chain mail
 48897 | Vaults:3 | Identified a +0 troll leather armour
 49066 | Vaults:3 | Identified a +0 short sword
 49066 | Vaults:3 | Identified a +0 longbow
 49066 | Vaults:3 | Identified a +0 leather armour
 49116 | Vaults:3 | Lost mutation: You are partially covered in large bone
                  | plates. (SH +4) [potion of mutation]
 49116 | Vaults:3 | Lost mutation: You are agile. (Dex +2) [potion of mutation]
 49116 | Vaults:3 | Lost mutation: Your muscles are strong. (Str +2) [potion of
                  | mutation]
 49116 | Vaults:3 | Lost mutation: Your body sometimes deteriorates upon taking
                  | damage. [potion of mutation]
 49116 | Vaults:3 | Gained mutation: Potions are less effective at restoring
                  | your health. [potion of mutation]
 49116 | Vaults:3 | Gained mutation: You are partially covered in iridescent
                  | scales. (AC +2) [potion of mutation]
 49117 | Vaults:3 | Lost mutation: Potions are less effective at restoring your
                  | health. [potion of mutation]
 49117 | Vaults:3 | Lost mutation: You are partially covered in iridescent
                  | scales. (AC +2) [potion of mutation]
 49117 | Vaults:3 | Gained mutation: You are somewhat resistant to further
                  | mutation. [potion of mutation]
 49133 | Vaults:3 | Identified a +3 glaive
 49133 | Vaults:3 | Identified a +0 plate armour
 49133 | Vaults:3 | Identified a +0 dire flail
 49235 | Vaults:3 | Identified a +0 great mace
 49235 | Vaults:3 | Identified a +0 chain mail
 49235 | Vaults:3 | Identified a cursed -2 hand axe
 49235 | Vaults:3 | Identified a +0 scale mail
 49236 | Vaults:3 | Identified a +0 whip
 49236 | Vaults:3 | Identified a +0 morningstar
 49236 | Vaults:3 | Identified a +0 mace
 49236 | Vaults:3 | Identified a +0 scale mail
 49248 | Vaults:3 | Identified a +0 troll leather armour
 49249 | Vaults:3 | Reached XP level 22. HP: 181/190 MP: 34/34
 49285 | Vaults:3 | Identified a +0 short sword
 49285 | Vaults:3 | Identified a +0 longbow
 49285 | Vaults:3 | Identified a +0 leather armour
 49291 | Vaults:3 | Identified +0 ice dragon scales
 49309 | Vaults:3 | Reached skill level 12 in Shields
 49570 | Vaults:3 | Found Jamozx Eniz's General Store.
 49574 | Vaults:3 | Bought a scroll of enchant armour for 112 gold pieces
 49609 | Vaults:3 | Identified a +0 great mace
 49609 | Vaults:3 | Identified a +0 ring mail
 49657 | Vaults:3 | Identified a +0 flail
 49657 | Vaults:3 | Identified a +0 scale mail
 49665 | Vaults:3 | Identified a +0 shortbow
 49666 | Vaults:3 | Identified a cursed -1 dagger
 49666 | Vaults:3 | Identified a +0 scale mail
 49666 | Vaults:3 | Identified a +0 dagger
 49666 | Vaults:3 | Identified a +0 dagger
 49765 | Vaults:3 | Identified a +0 vampiric broad axe
 49765 | Vaults:3 | Identified a +0 chain mail
 49771 | Vaults:3 | Identified a +0 glaive
 49771 | Vaults:3 | Identified a +0 chain mail
 49791 | Vaults:3 | Found a staircase to the Crypt.
 49791 | Vaults:3 | Identified a cursed +0 short sword
 49791 | Vaults:3 | Identified a +0 robe
 49810 | Vaults:3 | Identified a cursed -2 dire flail
 49810 | Vaults:3 | Identified a cursed -2 plate armour
 49810 | Vaults:3 | Identified a +2 vorpal hand axe
 49811 | Vaults:3 | Identified a +0 shortbow
 49811 | Vaults:3 | Identified a +0 shortbow
 49811 | Vaults:3 | Identified a +0 shortbow
 49811 | Vaults:3 | Identified a +0 shortbow
 49815 | Vaults:3 | Identified a +0 shortbow
 49850 | Vaults:3 | Identified a +0 morningstar
 49850 | Vaults:3 | Identified a +0 leather armour
 49850 | Vaults:3 | Identified a +0 dagger
 49850 | Vaults:3 | Identified a +0 shortbow
 49850 | Vaults:3 | Identified a +0 leather armour
 49850 | Vaults:3 | Identified a +0 long sword
 49850 | Vaults:3 | Identified a +0 great mace
 49850 | Vaults:3 | Identified a +0 leather armour
 49851 | Vaults:3 | Identified a +0 short sword
 49851 | Vaults:3 | Identified a +3 leather armour
 49851 | Vaults:3 | Identified a +0 short sword
 49851 | Vaults:3 | Identified a +0 longbow
 49851 | Vaults:3 | Identified a +0 leather armour
 49852 | Vaults:3 | Identified a +0 scimitar
 49852 | Vaults:3 | Identified a +0 shortbow
 49855 | Vaults:3 | Identified a +0 short sword
 49857 | Vaults:3 | Identified a +0 short sword
 49857 | Vaults:3 | Identified a +0 longbow
 49857 | Vaults:3 | Identified a +0 leather armour
 49857 | Vaults:3 | Identified a cursed +0 morningstar
 49857 | Vaults:3 | Identified a +0 ring mail
 49882 | Vaults:3 | Identified a +0 long sword
 49882 | Vaults:3 | Identified a +0 leather armour
 49935 | Vaults:3 | Identified a +0 dagger
 49935 | Vaults:3 | Identified a +0 shortbow
 49935 | Vaults:3 | Identified a +0 leather armour
 49937 | Vaults:3 | Identified a +0 long sword
 49937 | Vaults:3 | Identified a +0 leather armour
 49937 | Vaults:3 | Identified a +0 dagger
 49982 | Vaults:3 | Identified a +0 battleaxe
 49982 | Vaults:3 | Identified a cursed +0 chain mail
 49984 | Vaults:3 | Identified a +0 mace
 49984 | Vaults:3 | Identified a +0 trident
 49984 | Vaults:3 | Identified a +0 plate armour
 49987 | Vaults:3 | Identified a +0 glaive
 49987 | Vaults:3 | Identified a +0 chain mail
 49989 | Vaults:3 | Identified a +0 dagger
 49989 | Vaults:3 | Identified a +0 robe
 50117 | Vaults:3 | Identified a +0 dagger
 50117 | Vaults:3 | Identified a +0 robe
 50118 | Vaults:3 | Identified a +0 shortbow
 50298 | Vaults:3 | Identified a +0 shortbow
 50572 | Vaults:4 | Identified a +0 short sword
 50572 | Vaults:4 | Identified a +0 shortbow
 50573 | Vaults:4 | Identified a +0 battleaxe of venom
 50573 | Vaults:4 | Identified a +3 plate armour
 50573 | Vaults:4 | Identified a +0 shortbow
 50583 | Vaults:4 | Identified a +0 war axe
 50583 | Vaults:4 | Identified a +0 arbalest
 50583 | Vaults:4 | Identified a +0 scale mail
 50583 | Vaults:4 | Identified a +0 great mace
 50583 | Vaults:4 | Identified a +2 leather armour of cold resistance
 50587 | Vaults:4 | Noticed an entropy weaver
 50590 | Vaults:4 | Identified a +0 war axe
 50590 | Vaults:4 | Identified a +0 chain mail
 50598 | Vaults:4 | Identified a +0 battleaxe
 50598 | Vaults:4 | Identified a +0 plate armour
 50599 | Vaults:4 | Killed an entropy weaver
 50600 | Vaults:4 | Identified a +0 battleaxe of flaming
 50600 | Vaults:4 | Identified a +0 arbalest
 50600 | Vaults:4 | Identified a +0 short sword
 50600 | Vaults:4 | Identified a +0 scale mail
 50604 | Vaults:4 | Identified a cursed -3 arbalest
 50823 | Vaults:3 | Reached skill level 15 in Fire Magic
 51152 | Vaults:4 | Found Feesm's Antique Weapon Emporium.
 51159 | Vaults:4 | Identified a +0 falchion
 51159 | Vaults:4 | Identified a +0 scale mail
 51170 | Vaults:4 | Identified a +3 bardiche
 51170 | Vaults:4 | Identified a cursed +0 chain mail
 51170 | Vaults:4 | Identified a +0 great mace
 51170 | Vaults:4 | Identified a +0 ring mail
 51170 | Vaults:4 | Identified a +2 war axe
 51170 | Vaults:4 | Identified a +7 plate armour of ponderousness
 51172 | Vaults:4 | Identified a cursed +0 flail
 51172 | Vaults:4 | Identified a +0 ring mail
 51174 | Vaults:4 | Identified a +2 great mace
 51174 | Vaults:4 | Identified a +0 plate armour
 51254 | Vaults:4 | Identified a +1 robe
 51254 | Vaults:4 | Noticed Boris
 51268 | Vaults:4 | Killed Boris
 51365 | Vaults:4 | Identified a +0 broad axe
 51365 | Vaults:4 | Identified a +0 plate armour
 51366 | Vaults:4 | Identified a +0 dire flail
 51366 | Vaults:4 | Identified a cursed +0 ring mail
 51367 | Vaults:4 | Identified a +0 vampiric long sword
 51367 | Vaults:4 | Identified a +0 chain mail
 51367 | Vaults:4 | Identified a +0 tower shield
 51367 | Vaults:4 | Identified a +3 battleaxe
 51367 | Vaults:4 | Identified a +0 chain mail
 51391 | Vaults:4 | Reached skill level 15 in Conjurations
 51451 | Vaults:4 | Identified a +0 great mace
 51451 | Vaults:4 | Identified a +0 plate armour
 51453 | Vaults:4 | Identified a +0 war axe
 51454 | Vaults:4 | Identified a +3 dagger
 51456 | Vaults:4 | Identified a +0 mace
 51456 | Vaults:4 | Identified a +0 chain mail
 51553 | Vaults:4 | Reached skill level 7 in Dodging
 51573 | Vaults:4 | Noticed an entropy weaver
 51583 | Vaults:4 | Killed an entropy weaver
 51629 | Vaults:4 | Identified a cursed -1 giant club
 51631 | Vaults:4 | Identified a +0 giant spiked club
 51631 | Vaults:4 | Identified a +0 giant spiked club
 51632 | Vaults:4 | Identified a +0 halberd
 51632 | Vaults:4 | Identified a +0 robe
 51633 | Vaults:4 | Identified a cursed -1 giant club
 51633 | Vaults:4 | Identified a +0 giant club
 51633 | Vaults:4 | Identified a +0 giant club
 51633 | Vaults:4 | Identified a +0 giant club
 51634 | Vaults:4 | Identified a +0 dire flail
 51634 | Vaults:4 | Identified a +0 giant spiked club
 51635 | Vaults:4 | Identified a +0 giant spiked club
 51698 | Vaults:4 | Identified a +0 morningstar
 51698 | Vaults:4 | Identified a cursed +0 scale mail
 51698 | Vaults:4 | Identified a +0 long sword
 51698 | Vaults:4 | Identified a +1 chain mail of fire resistance
 51698 | Vaults:4 | Identified a +0 kite shield
 51698 | Vaults:4 | Identified a +0 long sword
 51698 | Vaults:4 | Identified a +0 chain mail
 51698 | Vaults:4 | Identified a +1 great sword of protection
 51698 | Vaults:4 | Identified a +0 chain mail
 51699 | Vaults:4 | Identified a +0 long sword
 51699 | Vaults:4 | Identified a +0 scale mail
 51730 | Vaults:4 | Identified a cursed -1 battleaxe
 51730 | Vaults:4 | Identified a +0 plate armour
 51735 | Vaults:4 | Identified a +4 war axe of venom
 51735 | Vaults:4 | Identified a +0 plate armour
 51738 | Vaults:4 | Identified a +0 dire flail
 51738 | Vaults:4 | Identified a +0 scale mail
 51742 | Vaults:4 | Identified a +0 long sword
 51742 | Vaults:4 | Identified a +0 plate armour
 51742 | Vaults:4 | Identified a +0 kite shield
 51754 | Vaults:4 | Identified a +0 giant spiked club
 51754 | Vaults:4 | Identified a +0 battleaxe of venom
 51754 | Vaults:4 | Identified a +0 chain mail
 51754 | Vaults:4 | Identified a +0 dagger
 51754 | Vaults:4 | Identified a +0 longbow
 51754 | Vaults:4 | Identified a +0 leather armour
 51754 | Vaults:4 | Identified a +0 giant club
 51754 | Vaults:4 | Identified a +0 giant club
 51755 | Vaults:4 | Identified a cursed -3 giant club
 51771 | Vaults:4 | HP: 50/208 [two-headed ogre/+0 giant club[an ironheart
                  | preserver] (32)]
 51777 | Vaults:4 | HP: 46/187 [poisoned by a death knight]
 51834 | Vaults:4 | Identified a +0 dire flail
 51834 | Vaults:4 | Identified a +0 ring mail
 52210 | Vaults:4 | Reached skill level 11 in Fighting
 52322 | Vaults:4 | Identified a +0 long sword
 52322 | Vaults:4 | Identified a +0 arbalest
 52322 | Vaults:4 | Identified a +0 scale mail
 52340 | Vaults:4 | Identified a +0 short sword
 52340 | Vaults:4 | Identified a +0 scale mail
 52340 | Vaults:4 | Identified a +1 dagger of venom
 52340 | Vaults:4 | Identified a +0 shortbow
 52340 | Vaults:4 | Identified a +0 leather armour
 52340 | Vaults:4 | Identified a +1 rapier of electrocution
 52342 | Vaults:4 | Identified a +0 morningstar
 52342 | Vaults:4 | Identified a +0 leather armour
 52348 | Vaults:4 | Identified a cursed +0 giant spiked club
 52355 | Vaults:4 | Identified a +0 giant spiked club
 52358 | Vaults:4 | Identified a +0 giant spiked club
 52358 | Vaults:4 | Identified a cursed -1 giant club
 52360 | Vaults:4 | Identified a +0 long sword
 52360 | Vaults:4 | Identified a cursed +0 leather armour
 52370 | Vaults:4 | Identified a +3 spear
 52370 | Vaults:4 | Identified a +0 robe
 52473 | Vaults:4 | Identified a cursed +0 great mace
 52473 | Vaults:4 | Identified a +0 ring mail
 52485 | Vaults:4 | Identified a +0 troll leather armour
 52496 | Vaults:4 | Reached skill level 13 in Shields
 53025 | Elf:1    | Entered Level 1 of the Elven Halls
 53025 | Elf:1    | Identified a cursed +0 short sword
 53032 | Elf:1    | Identified a +0 dagger
 53032 | Elf:1    | Identified a +0 ring mail
 53032 | Elf:1    | Identified a +0 long sword
 53032 | Elf:1    | Identified a +0 chain mail
 53032 | Elf:1    | Identified a +0 rapier
 53032 | Elf:1    | Identified a +0 dagger
 53032 | Elf:1    | Identified a +4 long sword of holy wrath
 53036 | Elf:1    | Identified a +0 long sword
 53075 | Elf:1    | Identified a +0 long sword
 53075 | Elf:1    | Identified a +0 leather armour
 53147 | Elf:1    | Identified a cursed -1 dagger
 53148 | Elf:1    | Identified a +0 scimitar
 53148 | Elf:1    | Identified a +0 chain mail
 53148 | Elf:1    | Identified a +0 long sword
 53149 | Elf:1    | Identified a +0 short sword
 53149 | Elf:1    | Identified a +2 chain mail of fire resistance
 53150 | Elf:1    | Identified a +1 dagger of draining
 53150 | Elf:1    | Identified a +0 longbow
 53150 | Elf:1    | Identified a +0 leather armour
 53150 | Elf:1    | Identified a +0 dagger
 53150 | Elf:1    | Identified a +0 leather armour
 53150 | Elf:1    | Noticed a deep elf demonologist
 53151 | Elf:1    | Identified a +0 short sword
 53151 | Elf:1    | Identified a +0 shortbow
 53151 | Elf:1    | Identified a +0 leather armour
 53152 | Elf:1    | Identified a +0 dagger
 53152 | Elf:1    | Identified a +0 longbow
 53152 | Elf:1    | Identified a +0 leather armour
 53154 | Elf:1    | Killed a deep elf demonologist
 53155 | Elf:1    | Reached XP level 23. HP: 88/187 MP: 26/35
 53158 | Elf:1    | Identified a +0 short sword
 53165 | Elf:1    | Identified a +0 short sword
 53165 | Elf:1    | Identified a +0 shortbow
 53165 | Elf:1    | Identified a +0 leather armour of fire resistance
 53170 | Elf:1    | Identified a +0 short sword
 53171 | Elf:1    | Identified a +0 short sword
 53172 | Elf:1    | Identified a +0 short sword
 53172 | Elf:1    | Identified a +0 ring mail
 53174 | Elf:1    | Identified a +0 dagger
 53174 | Elf:1    | Identified a +0 scale mail
 53175 | Elf:1    | Identified a +0 long sword
 53175 | Elf:1    | Identified a +0 leather armour
 53175 | Elf:1    | Noticed a deep elf demonologist
 53177 | Elf:1    | Identified a +0 demon whip of flaming
 53185 | Elf:1    | Identified a +0 long sword
 53195 | Elf:1    | Identified a +0 rapier
 53195 | Elf:1    | Identified a +0 leather armour
 53197 | Elf:1    | Identified a +1 long sword of freezing
 53197 | Elf:1    | Identified a +0 scale mail
 53199 | Elf:1    | Identified a +0 short sword
 53204 | Elf:1    | Identified a +0 long sword
 53204 | Elf:1    | Identified a +1 long sword of electrocution
 53211 | Elf:1    | HP: 15/181 [deep elf zephyrmancer/bolt of lightning (37)]
 53211 | Elf:1    | Killed from afar by a deep elf zephyrmancer

Table legend: (Time is in decaauts)
 A = Elapsed time spent in this place.
 B = Non-inter-level travel time spent in this place.
 C = Inter-level travel time spent in this place.
 D = Time resting spent in this place.
 E = Time spent auto-exploring this place.
 F = Levels seen in this place.
 G = Mean time per level.
                   A        B        C        D        E       F      G
               +--------+--------+--------+--------+--------+-----+--------+
         Total |  64262 |  57473 |   6789 |  14252 |  32088 |  39 | 1647.7 |
       Dungeon |  28165 |  24854 |   3311 |   7808 |  12897 |  15 | 1877.7 |
        Temple |    284 |    136 |    148 |     38 |     82 |   1 |  284.0 |
          Lair |  10151 |   8806 |   1345 |   1291 |   6004 |   6 | 1691.8 |
         Swamp |   4528 |   3938 |    590 |    462 |   2450 |   4 | 1132.0 |
     Snake Pit |   6478 |   6005 |    473 |   1634 |   3117 |   4 | 1619.5 |
  Orcish Mines |   3677 |   3407 |    270 |   1171 |   1540 |   2 | 1838.5 |
   Elven Halls |    213 |    213 |      0 |      9 |    103 |   1 |  213.0 |
        Vaults |   8683 |   8034 |    649 |   1163 |   5245 |   4 | 2170.8 |
      Ice Cave |    780 |    780 |      0 |     81 |    299 |   1 |  780.0 |
      Gauntlet |   1300 |   1300 |      0 |    591 |    347 |   1 | 1300.0 |
               +--------+--------+--------+--------+--------+-----+--------+

Top non-repeatable levels by time:
    D:12: 2768 daAuts
    D:11: 2612 daAuts
 Snake:4: 2576 daAuts
    D:10: 2532 daAuts
Vaults:3: 2512 daAuts
    D:13: 2373 daAuts
     D:7: 2278 daAuts
   Orc:2: 2241 daAuts
Vaults:1: 2201 daAuts
     D:6: 2151 daAuts
Vaults:4: 2141 daAuts
  Lair:3: 2130 daAuts
     D:9: 2043 daAuts
     D:4: 1925 daAuts
    D:15: 1898 daAuts

Table legend:
 A = Kills in this place as a percentage of kills in entire the game.
 B = Kills by you in this place as a percentage of kills by you in the entire game.
 C = Kills by friends in this place as a percentage of kills by friends in the entire game.
 D = Other kills in this place as a percentage of other kills in the entire game.
 E = Experience gained in this place as a percentage of experience gained in the entire game.
 F = Experience gained in this place divided by the number of levels of this place that you have seen.
                   A       B       C       D       E      F
               +-------+-------+-------+-------+-------+----------------------
         Total | 100.0 | 100.0 | 100.0 | 100.0 | 100.0 | 14716.3
       Dungeon |  28.9 |  27.2 | 100.0 |  53.6 |   9.3 | 3570.8
          Lair |  13.4 |  14.0 |   0.0 |   3.6 |  10.6 | 10118.2
         Swamp |   8.5 |   8.5 |   0.0 |  10.7 |  11.1 | 15955.0
     Snake Pit |  11.9 |  12.1 |   0.0 |  10.7 |  19.7 | 28205.5
  Orcish Mines |  11.4 |  11.6 |   0.0 |   8.9 |   5.9 | 16898.5
   Elven Halls |   1.6 |   1.7 |   0.0 |   0.0 |   2.6 | 14951.0
        Vaults |  20.1 |  20.8 |   0.0 |   7.1 |  38.7 | 55526.5
      Ice Cave |   3.4 |   3.6 |   0.0 |   0.0 |   1.4 | 8186.0
      Gauntlet |   0.8 |   0.6 |   0.0 |   5.4 |   0.7 | 3984.0
               +-------+-------+-------+-------+-------+----------------------

Skill      XL: |  1  2  3  4  5  6  7  8  9 10 11 12 13 14 15 16 17 18 19 20 21 22 |
---------------+-------------------------------------------------------------------+-----
Fire Magic     | 4 5 7 10 9 10 11 12 13 14 15 | 15.3
Conjurations   | 2 3 6 7 9 10 9 10 11 12 13 14 15 | 15.2
Summonings     | 1 2 0 |  0.0
Translocations | 1 2 1 2 6 |  6.6
Hexes          | 2 1 2 |  2.0
Spellcasting   | 4 4 5 6 7 8 |  8.5
Poison Magic   | 1 2 1 2 |  2.0
Polearms       | 5 7 9 10 11 12 13 14 | 14.0
Fighting       | 3 4 5 6 7 8 9 10 11 | 11.2
Armour         | 0 |  0.0
Dodging        | 2 3 4 5 6 7 |  7.5
Necromancy     | 4 6 7 8 |  8.5
Stealth        | 2 |  2.6
Air Magic      | 2 |  2.0
Shields        | 1 3 4 6 8 10 11 13 | 13.1
Transmutations | 1 2 |  2.0

Action                   |  1- 3 |  4- 6 |  7- 9 | 10-12 | 13-15 | 16-18 | 19-21 | 22-24 || total
-------------------------+-------+-------+-------+-------+-------+-------+-------+-------++-------
Melee: Unarmed           |     1 |       |       |       |       |       |       |       ||     1
       Short sword       |    32 |       |    22 |       |       |       |       |       ||    54
       Rapier            |       |       |   188 |    75 |       |       |       |       ||   263
       Trident           |       |       |    62 |   665 |  1007 |  1608 |  1301 |   717 ||  5360
       Constrict         |       |       |       |       |   127 |   235 |   173 |    90 ||   625
       Demon trident     |       |       |       |       |       |       |    17 |       ||    17
 Fire: Hunting sling     |    13 |    85 |    72 |    10 |       |       |       |       ||   180
Throw: Dart              |     2 |     5 |     3 |     3 |       |       |       |       ||    13
       Javelin           |     2 |       |     5 |     8 |     5 |     6 |       |       ||    26
       Boomerang         |       |       |     5 |     3 |     1 |       |       |       ||     9
 Cast: Foxfire           |    21 |    44 |    88 |    47 |     3 |       |       |       ||   203
       Magic Dart        |       |       |   138 |    52 |     5 |     4 |       |       ||   199
       Call Imp          |       |       |    28 |       |       |       |       |       ||    28
       Slow              |       |       |     7 |       |       |       |       |       ||     7
       Conjure Flame     |       |       |     1 |     8 |       |       |       |       ||     9
       Blink             |       |       |     6 |    21 |    10 |     8 |     6 |       ||    51
       Mephitic Cloud    |       |       |     9 |    85 |     6 |     2 |       |       ||   102
       Vampiric Draining |       |       |       |    11 |    21 |    84 |    14 |    31 ||   161
       Fireball          |       |       |       |       |    15 |    10 |     5 |       ||    30
       Starburst         |       |       |       |       |     2 |     1 |       |       ||     3
Invok: Sacrifice Experie |       |       |     1 |       |       |       |       |       ||     1
       Sacrifice Love    |       |       |     1 |       |       |       |       |       ||     1
       Power Leap        |       |       |       |    31 |    19 |    20 |    11 |     1 ||    82
       Sacrifice Durabil |       |       |       |     1 |       |       |       |       ||     1
       Draw Out Power    |       |       |       |     7 |     2 |     6 |     1 |     1 ||    17
       Apocalypse        |       |       |       |     1 |     6 |     7 |     5 |     4 ||    23
       Sacrifice Skill   |       |       |       |     1 |       |       |       |       ||     1
 Abil: Spit Poison       |    14 |    18 |    76 |    41 |     3 |     2 |       |       ||   154
Evoke: Wand              |       |       |     1 |    27 |       |     3 |       |       ||    31
       Condenser vane    |       |       |       |       |     1 |     1 |       |       ||     2
  Use: Scroll            |     1 |     1 |    20 |    18 |     9 |    14 |    12 |     4 ||    79
       Potion            |       |       |       |     5 |     2 |     5 |     6 |       ||    18
 Stab: Sleeping          |     3 |       |     1 |     2 |     8 |    10 |    17 |     2 ||    43
       Distracted        |     1 |       |     2 |     4 |     6 |     7 |    25 |    16 ||    61
       Confused          |       |       |     1 |    42 |     7 |     1 |     2 |       ||    53
       Invisible         |       |       |       |     2 |     9 |    22 |     9 |     2 ||    44
       Petrified         |       |       |       |     9 |    12 |    20 |       |       ||    41
       Paralysed         |       |       |       |     8 |    46 |    34 |     8 |     4 ||   100
       Petrifying        |       |       |       |       |     3 |     1 |       |       ||     4
Armor: Robe              |     5 |     4 |       |       |       |       |       |       ||     9
       Leather armour    |       |    10 |   171 |   211 |       |       |       |       ||   392
       Troll leather arm |       |       |       |    78 |   346 |   512 |   442 |   106 ||  1484
       Skin              |       |       |       |     2 |       |       |       |       ||     2
Dodge: Dodged            |    30 |    43 |   216 |   282 |   379 |   629 |   319 |    99 ||  1997
Block: Other             |       |       |    26 |   145 |   149 |   115 |       |       ||   435
       Reflection        |       |       |       |     3 |     1 |     5 |       |       ||     9
       Tower shield      |       |       |       |       |       |       |   406 |   277 ||   683
       Kite shield       |       |       |       |       |       |       |   180 |       ||   180

Vanquished Creatures
  Boris (Vaults:4)
  A bone dragon (Swamp:4)
  An Ice Fiend (IceCv)
  Asterion (Vaults:1)
  2 titans (Vaults:4)
  Gastronok (Lair:2)
  Agnes (Snake:2)
  Donald (Vaults:1)
  2 fenstrider witches
  A fire giant (Vaults:2)
  8 nagarajas
  11 vault wardens
  2 orc warlords (Orc:1)
  17 ironheart preservers
  Louise (D:15)
  A war gargoyle (Vaults:1)
  3 deep elf demonologists
  3 stone giants
  A deep elf annihilator (Vaults:4)
  5 bunyips
  The ghost of Rabiuc the Basher, a journeyman FoAK of Lugonu (D:14)
  A minotaur (Gauntlet)
  3 ettins (Vaults:2)
  3 entropy weavers
  2 eleionomae (Swamp:4)
  2 deep elf death magi (Vaults:3)
  3 fire dragons (Vaults:2)
  A shambling mangrove (Swamp:2)
  7 yaktaur captains
  4 great orbs of eyes
  3 deep elf high priests
  2 ice dragons (Vaults:3)
  15 vault guards
  16 hydras
  12 anacondas
  10 ogre magi
  11 naga warriors
  A boulder beetle (Vaults:4)
  5 death knights
  23 two-headed ogres
  4 ghost crabs
  A dancing weapon (Elf:1)
  7 centaur warriors
  7 catoblepae
  Erica (Lair:1)
  10 alligators
  12 death yaks
  2 vampire magi (Vaults:2)
  A deep troll shaman (Vaults:4)
  2 deep troll earth magi (Vaults:4)
  A tengu warrior (D:15)
  10 orc high priests (Orc:2)
  12 naga sharpshooters
  8 deep elf knights
  A sun demon (Orc:2)
  9 shock serpents
  8 spriggans
  A shadow wraith (Vaults:4)
  A goliath frog (Swamp:2)
  5 salamander mystics
  5 skeletal warriors
  4 spriggan druids (Swamp:4)
  3 deep trolls (Vaults:4)
  A glowing orange brain (shapeshifter) (D:15)
  4 unseen horrors
  A flayed ghost (Vaults:3)
  A swamp dragon (Swamp:4)
  3 glowing orange brains
  A death drake (Swamp:3)
  8 naga ritualists
  17 deep elf archers
  4 bog bodies
  2 spectral hydras (Swamp:4)
  19 deep elf pyromancers
  A wizard (Vaults:3)
  13 ironbrand convokers
  5 phantasmal warriors
  16 orc knights
  4 lindwurms (Snake:4)
  13 deep elf zephyrmancers
  8 harpies
  18 mana vipers
  A necromancer (Vaults:3)
  A cyclops (shapeshifter) (Vaults:2)
  4 wolf spiders
  5 manticores
  5 orc sorcerers
  21 ugly things
  10 salamanders
  4 cyclopes
  2 will-o-the-wisps
  10 elephants
  30 black mambas
  A black mamba (shapeshifter) (Vaults:2)
  A smoke demon (Orc:2)
  2 ice statues
  18 naga magi
  12 cane toads
  A molten gargoyle (Gauntlet)
  9 guardian serpents
  8 vault sentinels
  A yaktaur zombie (Vaults:3)
  2 gargoyles
  2 efreet
  6 rime drakes
  A kobold demonologist (D:11)
  7 freezing wraiths
  9 komodo dragons
  A tengu conjurer (D:13)
  An anaconda simulacrum (IceCv)
  A hellwing (Orc:2)
  13 yaktaurs (Vaults:1)
  4 swamp worm zombies (Swamp:4)
  A redback zombie (D:15)
  4 ice devils (IceCv)
  11 tyrant leeches
  7 trolls
  2 hydra zombies (Swamp:4)
  3 meliai (D:13)
  16 hornets
  A harpy skeleton (D:15)
  2 wolf spider simulacra
  8 polar bears
  8 slime creatures
  9 blink frogs
  3 spectral swamp dragons (Swamp:4)
  A slime creature (shapeshifter) (D:15)
  A stone giant simulacrum (Vaults:1)
  A meliai zombie (D:12)
  A tarantella (Vaults:4)
  3 dire elephant simulacra (IceCv)
  2 shadows
  A tarantella (shapeshifter) (Vaults:2)
  4 wraiths
  A redback (Vaults:4)
  2 air elementals (Elf:1)
  6 wyverns
  3 vampires
  28 yaks
  Eustachio (D:6)
  A fire elemental (Elf:1)
  15 basilisks
  A steam dragon (Lair:3)
  4 harpy simulacra (IceCv)
  12 vampire mosquitoes
  2 chaos spawn (Orc:2)
  Menkaure (D:6)
  2 death yak simulacra (IceCv)
  4 wargs
  14 swamp worms
  A yaktaur simulacrum (Vaults:3)
  35 nagas
  The ghost of gimp the Digger, an amateur OpEE (D:3)
  An acid dragon (Vaults:1)
  3 iron troll simulacra (IceCv)
  A swamp worm (shapeshifter) (Elf:1)
  20 water moccasins
  3 hydra simulacra (IceCv)
  A floating eye (shapeshifter) (Vaults:3)
  7 ice beasts
  57 orc warriors
  4 sky beasts
  6 swamp drakes
  8 black bears
  35 ogres
  A necrophage (D:14)
  4 swamp dragon zombies (Swamp:4)
  26 wolves
  8 centaurs
  5 big kobolds
  7 phantoms
  25 bullfrogs
  A deep troll simulacrum (Vaults:3)
  A human skeleton (Vaults:3)
  A hornet simulacrum (Gauntlet)
  10 scorpions
  A water moccasin skeleton (D:6)
  24 killer bees (Lair:3)
  5 wights
  4 howler monkeys
  2 electric eels (Lair:4)
  4 jellies
  A draconian simulacrum (IceCv)
  A quasit (D:12)
  3 centaur zombies
  4 hounds
  2 wyvern simulacra (Gauntlet)
  A gnoll shaman (D:8)
  A bullfrog skeleton (D:12)
  4 centaur skeletons
  35 orc priests
  5 iguanas
  35 orc wizards
  2 spectral swamp drakes (Swamp:4)
  3 polar bear simulacra (IceCv)
  9 worker ants
  A spriggan simulacrum (IceCv)
  4 troll simulacra (IceCv)
  4 centaur simulacra
  A hound zombie (D:9)
  A hound skeleton (D:7)
  A howler monkey zombie (D:7)
  13 adders
  7 gnolls
  2 howler monkey skeletons
  3 ogre simulacra (IceCv)
  A swamp drake zombie (Swamp:4)
  5 naga simulacra (IceCv)
  2 river rats (Lair:3)
  2 shadow imps
  8 white imps
  4 ufetubi
  An ooze (D:6)
  2 adder zombies (D:9)
  An adder skeleton (D:5)
  4 worms
  2 dart slugs
  6 leopard geckos
  152 orcs
  2 ball pythons
  7 giant cockroaches
  6 goblins
  6 hobgoblins
  5 jackals
  29 kobolds
  4 quokkas
  4 bats
  4 frilled lizards
  A giant cockroach zombie (D:5)
  A leopard gecko skeleton (D:4)
  A quokka skeleton (D:4)
  9 rats
1546 creatures vanquished.

Vanquished Creatures (collateral kills)
  Sigmund (D:6)
  3 bullfrogs
  A wight (D:7)
  An orc priest (D:4)
  A bullfrog skeleton (D:8)
  3 orc wizards
  An adder (D:9)
  An ufetubus (D:9)
  5 orcs
  A foxfire (D:7)
18 creatures vanquished.

Vanquished Creatures (others)
  A vault guard (Vaults:2)
  A hydra (Swamp:1)
  A deep troll shaman (Lair:6)
  An alligator (Swamp:1)
  A naga sharpshooter (Snake:4)
  2 deep elf knights
  A salamander mystic (Snake:4)
  A phantasmal warrior (Swamp:4)
  An ironbrand convoker (Vaults:4)
  A deep elf zephyrmancer (Vaults:3)
  A deep elf pyromancer (Vaults:3)
  A mana viper (Snake:3)
  2 black mambas (Snake:4)
  Maurice (Orc:1)
  A guardian serpent (Snake:4)
  A rime drake (Gauntlet)
  2 hornets (Swamp:1)
  A slime creature (Lair:5)
  3 bloated husks
  2 spriggans (Swamp:1)
  2 swamp worms
  2 nagas (Snake:4)
  An orc warrior (Vaults:3)
  2 phantoms (Swamp:4)
  A killer bee (Lair:3)
  A bullfrog simulacrum (Gauntlet)
  2 adders
  A white imp (D:5)
  3 ufetubi (IceCv)
  2 orcs (Vaults:3)
  358 foxfires
  114 fungi
  117 plants
632 creatures vanquished.

Grand Total: 2196 creatures vanquished
